Workbook
Name COGS: 'Income Statement'!$E$18
Name Gross_Profit: 'Income Statement'!$E$20
Name Inventory_Avail: 'Income Statement'!$D$16
Name Net_Income: 'Income Statement'!$E$58
Name Net_Sales: 'Income Statement'!$E$8
Name Op_Income: 'Income Statement'!$E$51
Name Operating_Income: 'Income Statement'!$E$51
Name Other_Income: 'Income Statement'!$E$56
Name rngCOGS: 'Income Statement'!$B$10:$E$20
Name rngCustomers: _xlfn.ANCHORARRAY(#REF!)
Name rngEndDate: Formatting!#REF!
Name rngExpenses: 'Income Statement'!$B$22:$E$49
Name rngIncome: 'Income Statement'!$B$51:$E$58
Name rngRepDV: 'Multiple Total Rows'!$R$3
Name rngReport: _xlfn.ANCHORARRAY(Formatting!#REF!)
Name rngRevenue: 'Income Statement'!$B$5:$E$8
Name rngStartDate: Formatting!#REF!
Name rngTest: Formatting!$H$4:$K$21
Name Total_Expenses: 'Income Statement'!$E$49

Sheet TOC
A1: 11212B3
B2: Table of Contents
B3: 1 | C3: Overview | F3: This Table of Contents was created in
B4: 2 | C4: Simple Example | F4: one click with the Tab Hound Add-in
B5: 3 | C5: Advanced Example | F5: learn more
B6: 4 | C6: Spill Range
B7: 5 | C7: Spill Operator
B8: 6 | C8: Filter
B9: 7 | C9: Filter Other Columns
B10: 8 | C10: Customer List
B11: 9 | C11: Filter Multiple Criteria - AND
B12: 10 | C12: AND Logic Explained
B13: 11 | C13: Filter Multiple Criteria - OR
B14: 12 | C14: OR Logic Explained
B15: 13 | C15: Unique
B16: 14 | C16: Unique by Column
B17: 15 | C17: Unique Exactly Once
... B49: 47 | C49: MS Help Articles
C50: Table of Contents

Sheet Overview
A1: Dynamic Array Functions & Formulas Overview
A2: Table of Contents
B3: What are Dynamic Arrays?
B4: Formulas that can return multiple results to multiple cells (arrays).
B5: This is called a Spill range, and automatically changes size as the source range changes (dynamic).
B7: The 6 New Functions
B8: 1 | C8: FILTER - allows you to filter a range of data based on criteria you define.
B9: 2 | C9: RANDARRAY - returns an array of random numbers.
B10: 3 | C10: SEQUENCE - allows you to generate a list of sequential numbers in an array, such as 1, 2, 3, 4.
B11: 4 | C11: SORT - sorts the contents of a range or array.
B12: 5 | C12: SORTBY - sorts based on the values in a corresponding range or array.
B13: 6 | C13: UNIQUE - returns a list of unique values in a list or range.
B15: Compatibility
B16: Only available for Microsoft/Office 365 subscribers.
B17: Not available on Excel 2019 or any earlier versions.
B18: Not backward compatible.
B19: Don't use dynamic array functions in a shared file with users on older versions of Excel.

Sheet Data Example
B1: Data Table
B4: Customer Name | C4: Product Name | D4: Unit Price
B5: Safeway | C5: Chocolate Cookies Mix | D5: 9
B6: Safeway | C6: Coffee | D6: 46
B7: Whole Foods | C7: Chocolate Cookies Mix | D7: 9.2
B8: Safeway | C8: Shipping Only | D8: 0
B9: Safeway | C9: Green Tea | D9: 2.99
B10: Smart & Final | C10: Soda | D10: 14
B11: Safeway | C11: Almonds | D11: 10
B12: Food 4 Less | C12: Dried Plums | D12: 3.5
B13: Safeway | C13: Coffee | D13: 46
B14: Raley's | C14: Mozzarella | D14: 34.8
B15: Whole Foods | C15: Curry Sauce | D15: 40
B16: Whole Foods | C16: Chocolate Cookies Mix | D16: 9.2
... B19: Stater Bros | C19: Curry Sauce | D19: 40

Sheet Edit Mode
B1: Enter and Edit Modes
B4: Customer Name | C4: Product Name | D4: Amount | E4: Shipping | F4: Discount | G4: Total
B5: Safeway | C5: Chocolate Cookies Mix | D5: 742 | E5: 66.82 | F5: 50 | G5: =D5+E5-F5 -> 758.82
B6: Safeway | C6: Coffee | D6: 790 | E6: 39.75 | F6: 0 | G6: =D6+E6-F6 -> 829.75
B7: Whole Foods | C7: Chocolate Cookies Mix | D7: 698 | E7: 16.35 | F7: 25 | G7: =D7+E7-F7 -> 689.35
B8: Safeway | C8: Shipping Only | D8: 209 | E8: 48.61 | F8: 0 | G8: =D8+E8-F8 -> 257.61
B9: Safeway | C9: Green Tea | D9: 863 | E9: 45.52 | F9: 0 | G9: =D9+E9-F9 -> 908.52
B10: Smart & Final | C10: Soda | D10: 404 | E10: 19.43 | F10: 50 | G10: =D10+E10-F10 -> 373.43
B11: Safeway | C11: Almonds | D11: 620 | E11: 68.56 | F11: 0 | G11: =D11+E11-F11 -> 688.56
B12: Food 4 Less | C12: Dried Plums | D12: 806 | E12: 73.13 | F12: 25 | G12: =D12+E12-F12 -> 854.13
B13: Safeway | C13: Coffee | D13: 401 | E13: 36.95 | F13: 0 | G13: =D13+E13-F13 -> 437.95
B14: Raley's | C14: Mozzarella | D14: 717 | E14: 44.41 | F14: 50 | G14: =D14+E14-F14 -> 711.41
B15: Whole Foods | C15: Curry Sauce | D15: 322 | E15: 45.97 | F15: 0 | G15: =D15+E15-F15 -> 367.97
B16: Whole Foods | C16: Chocolate Cookies Mix | D16: 730 | E16: 65.48 | F16: 0 | G16: =D16+E16-F16 -> 795.48
... B19: Stater Bros | C19: Curry Sauce | D19: 609 | E19: 43.96 | F19: 25 | G19: =D19+E19-F19 -> 627.96

Sheet Data Example (2)
B1: Data Table
B4: Customer Name | C4: Product Name | D4: Unit Price
B5: Safeway | C5: Chocolate Cookies Mix | D5: 9
B6: Safeway | C6: Coffee | D6: 46
B7: Whole Foods | C7: Chocolate Cookies Mix | D7: 9.2
B8: Safeway | C8: Shipping Only | D8: 0
B9: Safeway | C9: Green Tea | D9: 2.99
B10: Smart & Final | C10: Soda | D10: 14
B11: Safeway | C11: Almonds | D11: 10
B12: Food 4 Less | C12: Dried Plums | D12: 3.5
B13: Safeway | C13: Coffee | D13: 46
B14: Raley's | C14: Mozzarella | D14: 34.8
B15: Whole Foods | C15: Curry Sauce | D15: 40
B16: Whole Foods | C16: Chocolate Cookies Mix | D16: 9.2
... B19: Stater Bros | C19: Curry Sauce | D19: 40

Sheet Zoom
B1: Zoom
B4: Customer Name | C4: Product Name | D4: Amount | E4: Shipping | F4: Discount | G4: Total
B5: Safeway | C5: Chocolate Cookies Mix | D5: 742 | E5: 66.82 | F5: 50 | G5: =D5+E5 -> 808.82
B6: Safeway | C6: Coffee | D6: 790 | E6: 39.75 | F6: 0 | G6: =D6+E6 -> 829.75
B7: Whole Foods | C7: Chocolate Cookies Mix | D7: 698 | E7: 16.35 | F7: 25 | G7: =D7+E7 -> 714.35
B8: Safeway | C8: Shipping Only | D8: 209 | E8: 48.61 | F8: 0 | G8: =D8+E8 -> 257.61
B9: Safeway | C9: Green Tea | D9: 863 | E9: 45.52 | F9: 0 | G9: =D9+E9 -> 908.52
B10: Smart & Final | C10: Soda | D10: 404 | E10: 19.43 | F10: 50 | G10: =D10+E10 -> 423.43
B11: Safeway | C11: Almonds | D11: 620 | E11: 68.56 | F11: 0 | G11: =D11+E11 -> 688.56
B12: Food 4 Less | C12: Dried Plums | D12: 806 | E12: 73.13 | F12: 25 | G12: =D12+E12 -> 879.13
B13: Safeway | C13: Coffee | D13: 401 | E13: 36.95 | F13: 0 | G13: =D13+E13 -> 437.95
B14: Raley's | C14: Mozzarella | D14: 717 | E14: 44.41 | F14: 50 | G14: =D14+E14 -> 761.41
B15: Whole Foods | C15: Curry Sauce | D15: 322 | E15: 45.97 | F15: 0 | G15: =D15+E15 -> 367.97
B16: Whole Foods | C16: Chocolate Cookies Mix | D16: 730 | E16: 65.48 | F16: 0 | G16: =D16+E16 -> 795.48
... B19: Stater Bros | C19: Curry Sauce | D19: 609 | E19: 43.96 | F19: 25 | G19: =D19+E19 -> 652.96

Sheet Long Formula
B1: Long Formula
B4: Extract: Phone Number
B5: Scraped Data | C5: Phone Number
B6: Call us at 794-563-1752 or (869)731-0900 | C6: =IF(ISNUMBER(--(SUBSTITUTE(MID(TRIM(SUBSTITUTE(SUBSTITUTE(SUBSTITUTE(B6,"(",""),") ","-"),".","-")),SEARCH("???-???-????",TRIM(SUBSTITUTE(SUBSTITUTE(SUBSTITUTE(B6,"(",""),") ","-"),".","-"))),12),"-",""))),SUBSTITUTE(MID(TRIM(SUBSTITUTE(SUBSTITUTE(SUBSTITUTE(B6,"(",""),") ","-"),".","-")),SEARCH("???-???-????",TRIM(SUBSTITUTE(SUBSTITUTE(SUBSTITUTE(B6,"(",""),") ","-"),".","-"))),12),"-",""),"") -> 7945631752
B7: Call 24/7 at 572-355-3071 or (623) 848-9756 | C7: =IF(ISNUMBER(--(SUBSTITUTE(MID(TRIM(SUBSTITUTE(SUBSTITUTE(SUBSTITUTE(B7,"(",""),") ","-"),".","-")),SEARCH("???-???-????",TRIM(SUBSTITUTE(SUBSTITUTE(SUBSTITUTE(B7,"(",""),") ","-"),".","-"))),12),"-",""))),SUBSTITUTE(MID(TRIM(SUBSTITUTE(SUBSTITUTE(SUBSTITUTE(B7,"(",""),") ","-"),".","-")),SEARCH("???-???-????",TRIM(SUBSTITUTE(SUBSTITUTE(SUBSTITUTE(B7,"(",""),") ","-"),".","-"))),12),"-",""),"") -> 5723553071
B8: Please call us at your earliest convenience. | C8: =IF(ISNUMBER(--(SUBSTITUTE(MID(TRIM(SUBSTITUTE(SUBSTITUTE(SUBSTITUTE(B8,"(",""),") ","-"),".","-")),SEARCH("???-???-????",TRIM(SUBSTITUTE(SUBSTITUTE(SUBSTITUTE(B8,"(",""),") ","-"),".","-"))),12),"-",""))),SUBSTITUTE(MID(TRIM(SUBSTITUTE(SUBSTITUTE(SUBSTITUTE(B8,"(",""),") ","-"),".","-")),SEARCH("???-???-????",TRIM(SUBSTITUTE(SUBSTITUTE(SUBSTITUTE(B8,"(",""),") ","-"),".","-"))),12),"-",""),"")
B9: Reach us anytime: 887-150-9940 | C9: =IF(ISNUMBER(--(SUBSTITUTE(MID(TRIM(SUBSTITUTE(SUBSTITUTE(SUBSTITUTE(B9,"(",""),") ","-"),".","-")),SEARCH("???-???-????",TRIM(SUBSTITUTE(SUBSTITUTE(SUBSTITUTE(B9,"(",""),") ","-"),".","-"))),12),"-",""))),SUBSTITUTE(MID(TRIM(SUBSTITUTE(SUBSTITUTE(SUBSTITUTE(B9,"(",""),") ","-"),".","-")),SEARCH("???-???-????",TRIM(SUBSTITUTE(SUBSTITUTE(SUBSTITUTE(B9,"(",""),") ","-"),".","-"))),12),"-",""),"") -> 8871509940

Sheet Autofit
A1: Order ID | B1: Order Date | C1: Year-Month | D1: Quarter | E1: Customer ID | F1: Customer Name | G1: Rep ID | H1: Rep Name | I1: Category | J1: Unit Price | K1: Quantity | L1: Revenue | M1: Shipping Fee
A2: 1001 | B2: 45318 | C2: 2024-01 | D2: ="Q"&ROUNDUP(MONTH(Autofit!$B2)/3,0) -> Q1 | E2: 1 | F2: Dell | G2: 1 | H2: Elwyn Ellul | I2: Beverages | J2: 14 | K2: 49 | L2: 686 | M2: 66.542
A3: 1002 | B3: 45318 | C3: 2024-01 | D3: ="Q"&ROUNDUP(MONTH(Autofit!$B3)/3,0) -> Q1 | E3: 9 | F3: Merriam Webster | G3: 1 | H3: Elwyn Ellul | I3: Dried Fruit & Nuts | J3: 3.5 | K3: 47 | L3: 164.5 | M3: 16.6145
A4: 1083 | B4: 45394 | C4: 2024-04 | D4: ="Q"&ROUNDUP(MONTH(Autofit!$B4)/3,0) -> Q2 | E4: 9 | F4: Merriam Webster | G4: 1 | H4: Elwyn Ellul | I4: Beverages | J4: 46 | K4: 96 | L4: 4416 | M4: 428.352
A5: 1006 | B5: 45303 | C5: 2024-01 | D5: ="Q"&ROUNDUP(MONTH(Autofit!$B5)/3,0) -> Q1 | E5: 10 | F5: Trip Advisor | G5: 1 | H5: Elwyn Ellul | I5: Beverages | J5: 18 | K5: 81 | L5: 1458 | M5: 141.426
A6: 1007 | B6: 45303 | C6: 2024-01 | D6: ="Q"&ROUNDUP(MONTH(Autofit!$B6)/3,0) -> Q1 | E6: 8 | F6: List Manage | G6: 1 | H6: Elwyn Ellul | I6: Beverages | J6: 46 | K6: 44 | L6: 2024 | M6: 198.352
A7: 1082 | B7: 45394 | C7: 2024-04 | D7: ="Q"&ROUNDUP(MONTH(Autofit!$B7)/3,0) -> Q2 | E7: 8 | F7: List Manage | G7: 1 | H7: Elwyn Ellul | I7: Beverages | J7: 18 | K7: 74 | L7: 1332 | M7: 137.196
A8: 1011 | B8: 45294 | C8: 2024-01 | D8: ="Q"&ROUNDUP(MONTH(Autofit!$B8)/3,0) -> Q1 | E8: 4 | F8: Cornell | G8: 1 | H8: Elwyn Ellul | I8: Soups | J8: 9.65 | K8: 91 | L8: 878.15 | M8: 92.2057
A9: 1031 | B9: 45325 | C9: 2024-02 | D9: ="Q"&ROUNDUP(MONTH(Autofit!$B9)/3,0) -> Q1 | E9: 4 | F9: Cornell | G9: 1 | H9: Elwyn Ellul | I9: Condiments | J9: 10 | K9: 63 | L9: 630 | M9: 65.52
A10: 1100 | B10: 45415 | C10: 2024-05 | D10: ="Q"&ROUNDUP(MONTH(Autofit!$B10)/3,0) -> Q2 | E10: 4 | F10: Cornell | G10: 1 | H10: Elwyn Ellul | I10: Soups | J10: 9.65 | K10: 43 | L10: 414.95 | M10: 42.3249
A11: 1070 | B11: 45354 | C11: 2024-03 | D11: ="Q"&ROUNDUP(MONTH(Autofit!$B11)/3,0) -> Q1 | E11: 6 | F11: Tamu | G11: 1 | H11: Elwyn Ellul | I11: Condiments | J11: 10 | K11: 48 | L11: 480 | M11: 48
A12: 1087 | B12: 45385 | C12: 2024-04 | D12: ="Q"&ROUNDUP(MONTH(Autofit!$B12)/3,0) -> Q2 | E12: 6 | F12: Tamu | G12: 1 | H12: Elwyn Ellul | I12: Soups | J12: 9.65 | K12: 95 | L12: 916.75 | M12: 91.675
A13: 1032 | B13: 45325 | C13: 2024-02 | D13: ="Q"&ROUNDUP(MONTH(Autofit!$B13)/3,0) -> Q1 | E13: 7 | F13: Site Meter | G13: 1 | H13: Elwyn Ellul | I13: Sauces | J13: 40 | K13: 30 | L13: 1200 | M13: 120
... A302: 1395 | B302: 45635 | C302: 2024-12 | D302: ="Q"&ROUNDUP(MONTH(Autofit!$B302)/3,0) -> Q4 | E302: 9 | F302: Merriam Webster | G302: 9 | H302: Lazar Clineck | I302: Dairy Products | J302: 34.8 | K302: 69 | L302: 2401.2 | M302: 240.12

Sheet Select Ranges
B1: Select Ranges
B4: No. | C4: Name | D4: Phone | E4: Email

Sheet Shapes
B1: Shapes

Sheet Formatting
B1: Formatting
B4: Order Date | C4: Customer Name | D4: Product Name | E4: Unit Price | F4: Quantity
B5: 43101 | C5: Albertsons | D5: Chocolate Cookies Mix | E5: 9 | F5: 70
B6: 43102 | C6: Safeway | D6: Coffee | E6: 46 | F6: 190
B7: 43103 | C7: Whole Foods | D7: Chocolate Cookies Mix | E7: 9.2 | F7: 470
B8: 43104 | C8: Safeway | D8: Shipping Only | E8: 0 | F8: 0
B9: 43105 | C9: Save Mart | D9: Green Tea | E9: 2.99 | F9: 900
B10: 43106 | C10: Smart & Final | D10: Soda | E10: 14 | F10: 100
B11: 43107 | C11: Save Mart | D11: Almonds | E11: 10 | F11: 810
B12: 43108 | C12: Food 4 Less | D12: Dried Plums | E12: 3.5 | F12: 750
B13: 43109 | C13: Safeway | D13: Coffee | E13: 46 | F13: 920
B14: 43110 | C14: Raley's | D14: Mozzarella | E14: 34.8 | F14: 180
B15: 43111 | C15: Vallarta | D15: Curry Sauce | E15: 40 | F15: 810
B16: 43112 | C16: Whole Foods | D16: Chocolate Cookies Mix | E16: 9.2 | F16: 380
... B29: 43125 | C29: Save Mart | D29: Almond Biscuits Mix | E29: 9.2 | F29: 600

Sheet Simple Example
A1: Dynamic Arrays versus Ctrl+Shift+Enter Array Formulas
A2: Table of Contents
A4: Customer Name | C4: Unique List | D4: Sorted List | F4: Ctrl+Shift+Enter Array: Unique
A5: Whole Foods | C5: {=_xlfn.UNIQUE(A5:A19)} -> Whole Foods | F5: {=INDEX($A$5:$A$19,MATCH(0,COUNTIF($F$4:F4,$A$5:$A$19),0))} -> Whole Foods
A6: Safeway | C6: Safeway | F6: {=INDEX($A$5:$A$19,MATCH(0,COUNTIF($F$4:F5,$A$5:$A$19),0))} -> Safeway
A7: Safeway | C7: Smart & Final | F7: {=INDEX($A$5:$A$19,MATCH(0,COUNTIF($F$4:F6,$A$5:$A$19),0))} -> Smart & Final
A8: Safeway | C8: Save Mart | F8: {=INDEX($A$5:$A$19,MATCH(0,COUNTIF($F$4:F7,$A$5:$A$19),0))} -> Save Mart
A9: Whole Foods | C9: Food 4 Less | F9: {=INDEX($A$5:$A$19,MATCH(0,COUNTIF($F$4:F8,$A$5:$A$19),0))} -> Food 4 Less
A10: Smart & Final | C10: Raley's | F10: {=INDEX($A$5:$A$19,MATCH(0,COUNTIF($F$4:F9,$A$5:$A$19),0))} -> Raley's
A11: Save Mart | C11: Vallarta | F11: {=INDEX($A$5:$A$19,MATCH(0,COUNTIF($F$4:F10,$A$5:$A$19),0))} -> Vallarta
A12: Food 4 Less | C12: Stater Bros | F12: {=INDEX($A$5:$A$19,MATCH(0,COUNTIF($F$4:F11,$A$5:$A$19),0))} -> Stater Bros
A13: Safeway | F13: {=INDEX($A$5:$A$19,MATCH(0,COUNTIF($F$4:F12,$A$5:$A$19),0))} -> #N/A
A14: Raley's | F14: {=INDEX($A$5:$A$19,MATCH(0,COUNTIF($F$4:F13,$A$5:$A$19),0))} -> #N/A
A15: Vallarta
A16: Whole Foods
A17: Food 4 Less
A18: Save Mart
A19: Stater Bros

Sheet Advanced Example
A1: Summary Reports with Dynamic Arrays
A2: Table of Contents
B3: Category: | C3: Fruit & Veg
B4: Quarter: | C4: Q1
B6: Company | C6: {=TRANSPOSE(_xlfn._xlws.SORT(_xlfn.UNIQUE(_xlfn._xlws.FILTER(tblData[Year-Month],(tblData[Quarter]='Advanced Example'!C4)+(C4='Summary Lists'!D1),"Please select a quarter"))))} -> 2019-01 | D6: 2019-02 | E6: 2019-03
B7: {=_xlfn.UNIQUE(tblData[Company])} -> Dell | C7: {=SUMIFS(tblData[Revenue],tblData[Company],_xlfn.ANCHORARRAY(B7),tblData[Year-Month],_xlfn.ANCHORARRAY(C6),tblData[Category],IF(C3='Summary Lists'!B1,"*",C3))} -> 0 | D7: 0 | E7: 0
B8: Merriam Webster | C8: 0 | D8: 0 | E8: 0
B9: Trip Advisor | C9: 0 | D9: 0 | E9: 0
B10: List Manage | C10: 0 | D10: 0 | E10: 1014
B11: Cornell | C11: 0 | D11: 0 | E11: 0
B12: Tamu | C12: 0 | D12: 0 | E12: 0
B13: Site Meter | C13: 0 | D13: 0 | E13: 0
B14: Event Brite | C14: 0 | D14: 0 | E14: 0
B15: Xing | C15: 0 | D15: 0 | E15: 0
B16: Newsvine | C16: 0 | D16: 0 | E16: 0
B17: Network Solutions | C17: 0 | D17: 0 | E17: 0
B18: Stumble Upon | C18: 0 | D18: 0 | E18: 0

Sheet Spill Range
A1: Spill Ranges and SPILL Errors
A2: Table of Contents
A4: Customer Name | B4: Product Name | C4: Unit Price | E4: Unique List | G4: Filter | K4: Other Workbook
A5: Safeway | B5: Chocolate Cookies Mix | C5: 9 | E5: {=_xlfn.UNIQUE(tblCustomers[Customer Name])} -> Safeway | G5: {=_xlfn._xlws.FILTER(tblCustomers[],tblCustomers[Customer Name]="Vons","No results")} -> No results | K5: Safeway
A6: Safeway | B6: Coffee | C6: 46 | E6: Whole Foods | K6: Whole Foods
A7: Whole Foods | B7: Chocolate Cookies Mix | C7: 9.2 | E7: Smart & Final | K7: Smart & Final
A8: Safeway | B8: Shipping Only | C8: 0 | E8: Food 4 Less | K8: Food 4 Less
A9: Safeway | B9: Green Tea | C9: 2.99 | E9: Raley's | K9: Raley's
A10: Smart & Final | B10: Soda | C10: 14 | E10: Stater Bros | K10: Stater Bros
A11: Safeway | B11: Almonds | C11: 10
A12: Food 4 Less | B12: Dried Plums | C12: 3.5
A13: Safeway | B13: Coffee | C13: 46
A14: Raley's | B14: Mozzarella | C14: 34.8
A15: Whole Foods | B15: Curry Sauce | C15: 40
A16: Whole Foods | B16: Chocolate Cookies Mix | C16: 9.2
A17: Food 4 Less | B17: Chocolate Cookies Mix | C17: 9.2
A18: Safeway | B18: Cajun Seasoning | C18: 22
A19: Stater Bros | B19: Curry Sauce | C19: 40

Sheet Spill Operator
A1: The Spill Operator (Spill Range Reference)
A2: Table of Contents
A4: Customer Name | C4: Unique List | D4: Sorted List | E4: Count | G4: Drop-down List
A5: Whole Foods | C5: {=_xlfn.UNIQUE(tblCustomers2[Customer Name])} -> Whole Foods | D5: {=_xlfn._xlws.SORT(_xlfn.ANCHORARRAY(C5))} -> Food 4 Less | E5: =COUNTA(_xlfn.ANCHORARRAY(C5)) -> 7
A6: Safeway | C6: Safeway | D6: Raley's
A7: Safeway | C7: Smart & Final | D7: Safeway
A8: Safeway | C8: Save Mart | D8: Save Mart
A9: Whole Foods | C9: Food 4 Less | D9: Smart & Final
A10: Smart & Final | C10: Raley's | D10: Vallarta
A11: Save Mart | C11: Vallarta | D11: Whole Foods
A12: Food 4 Less
A13: Safeway
A14: Raley's
A15: Vallarta
A16: Whole Foods
A17: Food 4 Less

Sheet Filter
A1: The Filter Function
A2: Table of Contents
G3: Select Customer: | H3: Vons
A5: Order Date | B5: Customer Name | C5: Products | D5: Unit Price | E5: Quantity | G5: {=tblSalesFilter[#Headers]} -> Order Date | H5: Customer Name | I5: Products | J5: Unit Price | K5: Quantity
A6: 43101 | B6: Albertsons | C6: Chocolate Cookies Mix | D6: 9 | E6: 70 | G6: {=_xlfn._xlws.FILTER(tblSalesFilter[],tblSalesFilter[Customer Name]=$H$3,"No results")} -> 43115 | H6: Vons | I6: Dried Plums | J6: 3.5 | K6: 470
A7: 43101 | B7: Safeway | C7: Coffee | D7: 46 | E7: 190 | G7: 43117 | H7: Vons | I7: Dried Plums | J7: 3.5 | K7: 600
A8: 43101 | B8: Whole Foods | C8: Chocolate Cookies Mix | D8: 9.2 | E8: 470 | G8: 43125 | H8: Vons | I8: Soda | J8: 14 | K8: 490
A9: 43101 | B9: Safeway | C9: Shipping Only | D9: 0 | E9: 0 | G9: 43129 | H9: Vons | I9: Coffee | J9: 14 | K9: 190
A10: 43101 | B10: Save Mart | C10: Green Tea | D10: 2.99 | E10: 900 | G10: 43131 | H10: Vons | I10: Shipping Only | J10: 0 | K10: 0
A11: 43102 | B11: Smart & Final | C11: Soda | D11: 14 | E11: 100
A12: 43102 | B12: Save Mart | C12: Almonds | D12: 10 | E12: 810
A13: 43103 | B13: Food 4 Less | C13: Dried Plums | D13: 3.5 | E13: 750
A14: 43103 | B14: Safeway | C14: Coffee | D14: 46 | E14: 920
A15: 43104 | B15: Raley's | C15: Mozzarella | D15: 34.8 | E15: 180
A16: 43104 | B16: Vallarta | C16: Curry Sauce | D16: 40 | E16: 810
A17: 43104 | B17: Whole Foods | C17: Chocolate Cookies Mix | D17: 9.2 | E17: 380
A18: 43104 | B18: Food 4 Less | C18: Chocolate Cookies Mix | D18: 9.2 | E18: 880
A19: 43105 | B19: Save Mart | C19: Cajun Seasoning | D19: 22 | E19: 720
A20: 43106 | B20: Stater Bros | C20: Curry Sauce | D20: 40 | E20: 250
A21: 43106 | B21: Whole Foods | C21: Curry Sauce | D21: 40 | E21: 820
A22: 43106 | B22: Stater Bros | C22: Chocolate | D22: 12.75 | E22: 1000
... A85: 43131 | B85: Food 4 Less | C85: Dried Apples | D85: 53 | E85: 890

Sheet Filter Other Columns
A1: Filter Other Columns
A2: Table of Contents
G3: Select Customer: | H3: Costco
A5: Order Date | B5: Customer Name | C5: Product Name | D5: Unit Price | E5: Quantity | G5: Product Name | H5: Unit Price
A6: 43101 | B6: Albertsons | C6: Chocolate Cookies Mix | D6: 9 | E6: 70 | G6: {=_xlfn._xlws.FILTER(tblSalesFilter2[[Product Name]:[Unit Price]],tblSalesFilter2[Customer Name]=H3)} -> Curry Sauce | H6: 40
A7: 43101 | B7: Safeway | C7: Coffee | D7: 46 | E7: 190 | G7: Syrup | H7: 10
A8: 43101 | B8: Whole Foods | C8: Chocolate Cookies Mix | D8: 9.2 | E8: 470 | G8: Green Tea | H8: 2.99
A9: 43101 | B9: Safeway | C9: Shipping Only | D9: 0 | E9: 0 | G9: Clam Chowder | H9: 9.65
A10: 43101 | B10: Save Mart | C10: Green Tea | D10: 2.99 | E10: 900 | G10: Clam Chowder | H10: 9.65
A11: 43102 | B11: Smart & Final | C11: Soda | D11: 14 | E11: 100
A12: 43102 | B12: Save Mart | C12: Almonds | D12: 10 | E12: 810
A13: 43103 | B13: Food 4 Less | C13: Dried Plums | D13: 3.5 | E13: 750
A14: 43103 | B14: Safeway | C14: Coffee | D14: 46 | E14: 920
A15: 43104 | B15: Raley's | C15: Mozzarella | D15: 34.8 | E15: 180
A16: 43104 | B16: Vallarta | C16: Curry Sauce | D16: 40 | E16: 810
A17: 43104 | B17: Whole Foods | C17: Chocolate Cookies Mix | D17: 9.2 | E17: 380
A18: 43104 | B18: Food 4 Less | C18: Chocolate Cookies Mix | D18: 9.2 | E18: 880
A19: 43105 | B19: Save Mart | C19: Cajun Seasoning | D19: 22 | E19: 720
A20: 43106 | B20: Stater Bros | C20: Curry Sauce | D20: 40 | E20: 250
A21: 43106 | B21: Whole Foods | C21: Curry Sauce | D21: 40 | E21: 820
A22: 43106 | B22: Stater Bros | C22: Chocolate | D22: 12.75 | E22: 1000
... A85: 43131 | B85: Food 4 Less | C85: Dried Apples | D85: 53 | E85: 890

Sheet Customer List
A1: Customers
A2: {=_xlfn._xlws.SORT(_xlfn.UNIQUE(tblSalesFilter[Customer Name]))} -> Albertsons
A3: Costco
A4: Food 4 Less
A5: Foodsco
A6: Mission Foods
A7: Raley's
A8: Ralphs
A9: Safeway
A10: Save Mart
A11: Smart & Final
A12: Stater Bros
A13: Vallarta
A14: Vons
... A16: Whole Foods

Sheet AND Logic Explained
A1: The Filter Function with Multiple Criteria - AND Logic
A2: Table of Contents
A3: Quick guide:
A4: AND logic use * | J4: Filter between two dates:
A5: OR logic use + | J5: Start Date | K5: 43105
J6: End Date | K6: 43110
A8: Order Date | B8: Customer Name | C8: Product Name | D8: Unit Price | E8: Quantity | F8: Start Date | G8: End Date | H8: AND | J8: Order Date | K8: Customer Name | L8: Product Name | M8: Unit Price | N8: Quantity
A9: 43101 | B9: Albertsons | C9: Chocolate Cookies Mix | D9: 9 | E9: 70 | F9: =tblAND2[[#This Row],[Order Date]]>=$K$5 -> FALSE | G9: =tblAND2[[#This Row],[Order Date]]<=$K$6 -> TRUE | H9: =tblAND2[[#This Row],[Start Date]]*tblAND2[[#This Row],[End Date]] -> 0 | J9: {=_xlfn._xlws.FILTER(tblAND2[],(tblAND2[Order Date]>=K5)*(tblAND2[Order Date]<=K6))} -> 43105 | K9: Save Mart | L9: Green Tea | M9: 2.99 | N9: 900 | O9: TRUE | P9: TRUE | Q9: 1
A10: 43102 | B10: Safeway | C10: Coffee | D10: 46 | E10: 190 | F10: =tblAND2[[#This Row],[Order Date]]>=$K$5 -> FALSE | G10: =tblAND2[[#This Row],[Order Date]]<=$K$6 -> TRUE | H10: =tblAND2[[#This Row],[Start Date]]*tblAND2[[#This Row],[End Date]] -> 0 | J10: 43106 | K10: Smart & Final | L10: Soda | M10: 14 | N10: 100 | O10: TRUE | P10: TRUE | Q10: 1
A11: 43103 | B11: Whole Foods | C11: Chocolate Cookies Mix | D11: 9.2 | E11: 470 | F11: =tblAND2[[#This Row],[Order Date]]>=$K$5 -> FALSE | G11: =tblAND2[[#This Row],[Order Date]]<=$K$6 -> TRUE | H11: =tblAND2[[#This Row],[Start Date]]*tblAND2[[#This Row],[End Date]] -> 0 | J11: 43107 | K11: Save Mart | L11: Almonds | M11: 10 | N11: 810 | O11: TRUE | P11: TRUE | Q11: 1
A12: 43104 | B12: Safeway | C12: Shipping Only | D12: 0 | E12: 0 | F12: =tblAND2[[#This Row],[Order Date]]>=$K$5 -> FALSE | G12: =tblAND2[[#This Row],[Order Date]]<=$K$6 -> TRUE | H12: =tblAND2[[#This Row],[Start Date]]*tblAND2[[#This Row],[End Date]] -> 0 | J12: 43108 | K12: Food 4 Less | L12: Dried Plums | M12: 3.5 | N12: 750 | O12: TRUE | P12: TRUE | Q12: 1
A13: 43105 | B13: Save Mart | C13: Green Tea | D13: 2.99 | E13: 900 | F13: =tblAND2[[#This Row],[Order Date]]>=$K$5 -> TRUE | G13: =tblAND2[[#This Row],[Order Date]]<=$K$6 -> TRUE | H13: =tblAND2[[#This Row],[Start Date]]*tblAND2[[#This Row],[End Date]] -> 1 | J13: 43109 | K13: Safeway | L13: Coffee | M13: 46 | N13: 920 | O13: TRUE | P13: TRUE | Q13: 1
A14: 43106 | B14: Smart & Final | C14: Soda | D14: 14 | E14: 100 | F14: =tblAND2[[#This Row],[Order Date]]>=$K$5 -> TRUE | G14: =tblAND2[[#This Row],[Order Date]]<=$K$6 -> TRUE | H14: =tblAND2[[#This Row],[Start Date]]*tblAND2[[#This Row],[End Date]] -> 1 | J14: 43110 | K14: Raley's | L14: Mozzarella | M14: 34.8 | N14: 180 | O14: TRUE | P14: TRUE | Q14: 1
A15: 43107 | B15: Save Mart | C15: Almonds | D15: 10 | E15: 810 | F15: =tblAND2[[#This Row],[Order Date]]>=$K$5 -> TRUE | G15: =tblAND2[[#This Row],[Order Date]]<=$K$6 -> TRUE | H15: =tblAND2[[#This Row],[Start Date]]*tblAND2[[#This Row],[End Date]] -> 1
A16: 43108 | B16: Food 4 Less | C16: Dried Plums | D16: 3.5 | E16: 750 | F16: =tblAND2[[#This Row],[Order Date]]>=$K$5 -> TRUE | G16: =tblAND2[[#This Row],[Order Date]]<=$K$6 -> TRUE | H16: =tblAND2[[#This Row],[Start Date]]*tblAND2[[#This Row],[End Date]] -> 1
A17: 43109 | B17: Safeway | C17: Coffee | D17: 46 | E17: 920 | F17: =tblAND2[[#This Row],[Order Date]]>=$K$5 -> TRUE | G17: =tblAND2[[#This Row],[Order Date]]<=$K$6 -> TRUE | H17: =tblAND2[[#This Row],[Start Date]]*tblAND2[[#This Row],[End Date]] -> 1
A18: 43110 | B18: Raley's | C18: Mozzarella | D18: 34.8 | E18: 180 | F18: =tblAND2[[#This Row],[Order Date]]>=$K$5 -> TRUE | G18: =tblAND2[[#This Row],[Order Date]]<=$K$6 -> TRUE | H18: =tblAND2[[#This Row],[Start Date]]*tblAND2[[#This Row],[End Date]] -> 1
A19: 43111 | B19: Vallarta | C19: Curry Sauce | D19: 40 | E19: 810 | F19: =tblAND2[[#This Row],[Order Date]]>=$K$5 -> TRUE | G19: =tblAND2[[#This Row],[Order Date]]<=$K$6 -> FALSE | H19: =tblAND2[[#This Row],[Start Date]]*tblAND2[[#This Row],[End Date]] -> 0
A20: 43112 | B20: Whole Foods | C20: Chocolate Cookies Mix | D20: 9.2 | E20: 380 | F20: =tblAND2[[#This Row],[Order Date]]>=$K$5 -> TRUE | G20: =tblAND2[[#This Row],[Order Date]]<=$K$6 -> FALSE | H20: =tblAND2[[#This Row],[Start Date]]*tblAND2[[#This Row],[End Date]] -> 0
A21: 43113 | B21: Food 4 Less | C21: Chocolate Cookies Mix | D21: 9.2 | E21: 880 | F21: =tblAND2[[#This Row],[Order Date]]>=$K$5 -> TRUE | G21: =tblAND2[[#This Row],[Order Date]]<=$K$6 -> FALSE | H21: =tblAND2[[#This Row],[Start Date]]*tblAND2[[#This Row],[End Date]] -> 0
A22: 43114 | B22: Save Mart | C22: Cajun Seasoning | D22: 22 | E22: 720 | F22: =tblAND2[[#This Row],[Order Date]]>=$K$5 -> TRUE | G22: =tblAND2[[#This Row],[Order Date]]<=$K$6 -> FALSE | H22: =tblAND2[[#This Row],[Start Date]]*tblAND2[[#This Row],[End Date]] -> 0
A23: 43115 | B23: Stater Bros | C23: Curry Sauce | D23: 40 | E23: 250 | F23: =tblAND2[[#This Row],[Order Date]]>=$K$5 -> TRUE | G23: =tblAND2[[#This Row],[Order Date]]<=$K$6 -> FALSE | H23: =tblAND2[[#This Row],[Start Date]]*tblAND2[[#This Row],[End Date]] -> 0
A24: 43116 | B24: Whole Foods | C24: Curry Sauce | D24: 40 | E24: 820 | F24: =tblAND2[[#This Row],[Order Date]]>=$K$5 -> TRUE | G24: =tblAND2[[#This Row],[Order Date]]<=$K$6 -> FALSE | H24: =tblAND2[[#This Row],[Start Date]]*tblAND2[[#This Row],[End Date]] -> 0
A25: 43117 | B25: Stater Bros | C25: Chocolate | D25: 12.75 | E25: 1000 | F25: =tblAND2[[#This Row],[Order Date]]>=$K$5 -> TRUE | G25: =tblAND2[[#This Row],[Order Date]]<=$K$6 -> FALSE | H25: =tblAND2[[#This Row],[Start Date]]*tblAND2[[#This Row],[End Date]] -> 0
A26: 43118 | B26: Stater Bros | C26: Curry Sauce | D26: 40 | E26: 320 | F26: =tblAND2[[#This Row],[Order Date]]>=$K$5 -> TRUE | G26: =tblAND2[[#This Row],[Order Date]]<=$K$6 -> FALSE | H26: =tblAND2[[#This Row],[Start Date]]*tblAND2[[#This Row],[End Date]] -> 0
... A33: 43125 | B33: Save Mart | C33: Almond Biscuits Mix | D33: 9.2 | E33: 600 | F33: =tblAND2[[#This Row],[Order Date]]>=$K$5 -> TRUE | G33: =tblAND2[[#This Row],[Order Date]]<=$K$6 -> FALSE | H33: =tblAND2[[#This Row],[Start Date]]*tblAND2[[#This Row],[End Date]] -> 0

Sheet Filter Multiple Criteria - OR
A1: The Filter Function with Multiple Criteria - OR Logic
A2: Table of Contents
A3: Quick guide:
A4: AND logic use * | G4: Filter when EITHER is true:
A5: OR logic use + | G5: Customer: | H5: Albertsons
G6: Product: | H6: Coffee
A8: Order Date | B8: Customer Name | C8: Product Name | D8: Unit Price | E8: Quantity | G8: Order Date | H8: Customer Name | I8: Product Name | J8: Unit Price | K8: Quantity
A9: 43101 | B9: Albertsons | C9: Chocolate Cookies Mix | D9: 9 | E9: 70 | G9: {=_xlfn._xlws.FILTER(tblOR[],(tblOR[Customer Name]=$H$5)+(tblOR[Product Name]=$H$6))} -> 43101 | H9: Albertsons | I9: Chocolate Cookies Mix | J9: 9 | K9: 70
A10: 43101 | B10: Safeway | C10: Coffee | D10: 46 | E10: 190 | G10: 43101 | H10: Safeway | I10: Coffee | J10: 46 | K10: 190
A11: 43101 | B11: Whole Foods | C11: Chocolate Cookies Mix | D11: 9.2 | E11: 470 | G11: 43103 | H11: Safeway | I11: Coffee | J11: 46 | K11: 920
A12: 43101 | B12: Safeway | C12: Shipping Only | D12: 0 | E12: 0 | G12: 43107 | H12: Albertsons | I12: Lemonade | J12: 18 | K12: 640
A13: 43101 | B13: Save Mart | C13: Green Tea | D13: 2.99 | E13: 900 | G13: 43114 | H13: Albertsons | I13: Green Tea | J13: 2.99 | K13: 170
A14: 43102 | B14: Smart & Final | C14: Soda | D14: 14 | E14: 100 | G14: 43116 | H14: Mission Foods | I14: Coffee | J14: 46 | K14: 440
A15: 43102 | B15: Save Mart | C15: Almonds | D15: 10 | E15: 810 | G15: 43121 | H15: Wal-Mart | I15: Coffee | J15: 46 | K15: 640
A16: 43103 | B16: Food 4 Less | C16: Dried Plums | D16: 3.5 | E16: 750 | G16: 43122 | H16: Safeway | I16: Coffee | J16: 46 | K16: 550
A17: 43103 | B17: Safeway | C17: Coffee | D17: 46 | E17: 920 | G17: 43125 | H17: Albertsons | I17: Coffee | J17: 46 | K17: 820
A18: 43104 | B18: Raley's | C18: Mozzarella | D18: 34.8 | E18: 180 | G18: 43127 | H18: Albertsons | I18: Crab Meat | J18: 18.4 | K18: 880
A19: 43104 | B19: Vallarta | C19: Curry Sauce | D19: 40 | E19: 810 | G19: 43129 | H19: Vons | I19: Coffee | J19: 14 | K19: 190
A20: 43104 | B20: Whole Foods | C20: Chocolate Cookies Mix | D20: 9.2 | E20: 380 | G20: 43130 | H20: Mission Foods | I20: Coffee | J20: 46 | K20: 610
A21: 43104 | B21: Food 4 Less | C21: Chocolate Cookies Mix | D21: 9.2 | E21: 880
A22: 43105 | B22: Save Mart | C22: Cajun Seasoning | D22: 22 | E22: 720
A23: 43106 | B23: Stater Bros | C23: Curry Sauce | D23: 40 | E23: 250
A24: 43106 | B24: Whole Foods | C24: Curry Sauce | D24: 40 | E24: 820
A25: 43106 | B25: Stater Bros | C25: Chocolate | D25: 12.75 | E25: 1000
A26: 43106 | B26: Stater Bros | C26: Curry Sauce | D26: 40 | E26: 320
A27: 43107 | B27: Albertsons | C27: Lemonade | D27: 18 | E27: 640
A28: 43108 | B28: Food 4 Less | C28: Dried Pears | D28: 30 | E28: 810
A29: 43108 | B29: Whole Foods | C29: Chocolate | D29: 12.75 | E29: 360
A30: 43108 | B30: Whole Foods | C30: Shipping Only | D30: 0 | E30: 0
A31: 43108 | B31: Wal-Mart | C31: Shipping Only | D31: 0 | E31: 0
A32: 43108 | B32: Smart & Final | C32: Fruit Cocktail | D32: 39 | E32: 410
... A88: 43131 | B88: Food 4 Less | C88: Dried Apples | D88: 53 | E88: 890

Sheet OR Logic Explained
A1: The Filter Function with Multiple Criteria - OR Logic
A2: Table of Contents
A3: Quick guide:
A4: AND logic use * | J4: Filter when EITHER is true:
A5: OR logic use + | J5: Customer: | K5: Albertsons
J6: Product: | K6: Chocolate Cookies Mix
A8: Order Date | B8: Customer Name | C8: Product Name | D8: Unit Price | E8: Quantity | F8: Customer | G8: Product | H8: OR | J8: Order Date | K8: Customer Name | L8: Product Name | M8: Unit Price | N8: Quantity
A9: 43101 | B9: Albertsons | C9: Chocolate Cookies Mix | D9: 9 | E9: 70 | F9: =tblOR2[[#This Row],[Customer Name]]=$K$5 -> TRUE | G9: =tblOR2[[#This Row],[Product Name]]=$K$6 -> TRUE | H9: =tblOR2[[#This Row],[Customer]]+tblOR2[[#This Row],[Product]] -> 2 | J9: {=_xlfn._xlws.FILTER(tblOR2[],(tblOR2[Customer Name]=K5)+(tblOR2[Product Name]=K6))} -> 43101 | K9: Albertsons | L9: Chocolate Cookies Mix | M9: 9 | N9: 70 | O9: TRUE | P9: TRUE | Q9: 2
A10: 43101 | B10: Safeway | C10: Coffee | D10: 46 | E10: 190 | F10: =tblOR2[[#This Row],[Customer Name]]=$K$5 -> FALSE | G10: =tblOR2[[#This Row],[Product Name]]=$K$6 -> FALSE | H10: =tblOR2[[#This Row],[Customer]]+tblOR2[[#This Row],[Product]] -> 0 | J10: 43101 | K10: Whole Foods | L10: Chocolate Cookies Mix | M10: 9.2 | N10: 470 | O10: FALSE | P10: TRUE | Q10: 1
A11: 43101 | B11: Whole Foods | C11: Chocolate Cookies Mix | D11: 9.2 | E11: 470 | F11: =tblOR2[[#This Row],[Customer Name]]=$K$5 -> FALSE | G11: =tblOR2[[#This Row],[Product Name]]=$K$6 -> TRUE | H11: =tblOR2[[#This Row],[Customer]]+tblOR2[[#This Row],[Product]] -> 1 | J11: 43104 | K11: Whole Foods | L11: Chocolate Cookies Mix | M11: 9.2 | N11: 380 | O11: FALSE | P11: TRUE | Q11: 1
A12: 43101 | B12: Safeway | C12: Shipping Only | D12: 0 | E12: 0 | F12: =tblOR2[[#This Row],[Customer Name]]=$K$5 -> FALSE | G12: =tblOR2[[#This Row],[Product Name]]=$K$6 -> FALSE | H12: =tblOR2[[#This Row],[Customer]]+tblOR2[[#This Row],[Product]] -> 0 | J12: 43104 | K12: Food 4 Less | L12: Chocolate Cookies Mix | M12: 9.2 | N12: 880 | O12: FALSE | P12: TRUE | Q12: 1
A13: 43101 | B13: Save Mart | C13: Green Tea | D13: 2.99 | E13: 900 | F13: =tblOR2[[#This Row],[Customer Name]]=$K$5 -> FALSE | G13: =tblOR2[[#This Row],[Product Name]]=$K$6 -> FALSE | H13: =tblOR2[[#This Row],[Customer]]+tblOR2[[#This Row],[Product]] -> 0 | J13: 43107 | K13: Albertsons | L13: Lemonade | M13: 18 | N13: 640 | O13: TRUE | P13: FALSE | Q13: 1
A14: 43102 | B14: Smart & Final | C14: Soda | D14: 14 | E14: 100 | F14: =tblOR2[[#This Row],[Customer Name]]=$K$5 -> FALSE | G14: =tblOR2[[#This Row],[Product Name]]=$K$6 -> FALSE | H14: =tblOR2[[#This Row],[Customer]]+tblOR2[[#This Row],[Product]] -> 0 | J14: 43114 | K14: Albertsons | L14: Green Tea | M14: 2.99 | N14: 170 | O14: TRUE | P14: FALSE | Q14: 1
A15: 43102 | B15: Save Mart | C15: Almonds | D15: 10 | E15: 810 | F15: =tblOR2[[#This Row],[Customer Name]]=$K$5 -> FALSE | G15: =tblOR2[[#This Row],[Product Name]]=$K$6 -> FALSE | H15: =tblOR2[[#This Row],[Customer]]+tblOR2[[#This Row],[Product]] -> 0 | J15: 43125 | K15: Albertsons | L15: Coffee | M15: 46 | N15: 820 | O15: TRUE | P15: FALSE | Q15: 1
A16: 43103 | B16: Food 4 Less | C16: Dried Plums | D16: 3.5 | E16: 750 | F16: =tblOR2[[#This Row],[Customer Name]]=$K$5 -> FALSE | G16: =tblOR2[[#This Row],[Product Name]]=$K$6 -> FALSE | H16: =tblOR2[[#This Row],[Customer]]+tblOR2[[#This Row],[Product]] -> 0 | J16: 43127 | K16: Albertsons | L16: Crab Meat | M16: 18.4 | N16: 880 | O16: TRUE | P16: FALSE | Q16: 1
A17: 43103 | B17: Safeway | C17: Coffee | D17: 46 | E17: 920 | F17: =tblOR2[[#This Row],[Customer Name]]=$K$5 -> FALSE | G17: =tblOR2[[#This Row],[Product Name]]=$K$6 -> FALSE | H17: =tblOR2[[#This Row],[Customer]]+tblOR2[[#This Row],[Product]] -> 0
A18: 43104 | B18: Raley's | C18: Mozzarella | D18: 34.8 | E18: 180 | F18: =tblOR2[[#This Row],[Customer Name]]=$K$5 -> FALSE | G18: =tblOR2[[#This Row],[Product Name]]=$K$6 -> FALSE | H18: =tblOR2[[#This Row],[Customer]]+tblOR2[[#This Row],[Product]] -> 0
A19: 43104 | B19: Vallarta | C19: Curry Sauce | D19: 40 | E19: 810 | F19: =tblOR2[[#This Row],[Customer Name]]=$K$5 -> FALSE | G19: =tblOR2[[#This Row],[Product Name]]=$K$6 -> FALSE | H19: =tblOR2[[#This Row],[Customer]]+tblOR2[[#This Row],[Product]] -> 0
A20: 43104 | B20: Whole Foods | C20: Chocolate Cookies Mix | D20: 9.2 | E20: 380 | F20: =tblOR2[[#This Row],[Customer Name]]=$K$5 -> FALSE | G20: =tblOR2[[#This Row],[Product Name]]=$K$6 -> TRUE | H20: =tblOR2[[#This Row],[Customer]]+tblOR2[[#This Row],[Product]] -> 1
A21: 43104 | B21: Food 4 Less | C21: Chocolate Cookies Mix | D21: 9.2 | E21: 880 | F21: =tblOR2[[#This Row],[Customer Name]]=$K$5 -> FALSE | G21: =tblOR2[[#This Row],[Product Name]]=$K$6 -> TRUE | H21: =tblOR2[[#This Row],[Customer]]+tblOR2[[#This Row],[Product]] -> 1
A22: 43105 | B22: Save Mart | C22: Cajun Seasoning | D22: 22 | E22: 720 | F22: =tblOR2[[#This Row],[Customer Name]]=$K$5 -> FALSE | G22: =tblOR2[[#This Row],[Product Name]]=$K$6 -> FALSE | H22: =tblOR2[[#This Row],[Customer]]+tblOR2[[#This Row],[Product]] -> 0
A23: 43106 | B23: Stater Bros | C23: Curry Sauce | D23: 40 | E23: 250 | F23: =tblOR2[[#This Row],[Customer Name]]=$K$5 -> FALSE | G23: =tblOR2[[#This Row],[Product Name]]=$K$6 -> FALSE | H23: =tblOR2[[#This Row],[Customer]]+tblOR2[[#This Row],[Product]] -> 0
A24: 43106 | B24: Whole Foods | C24: Curry Sauce | D24: 40 | E24: 820 | F24: =tblOR2[[#This Row],[Customer Name]]=$K$5 -> FALSE | G24: =tblOR2[[#This Row],[Product Name]]=$K$6 -> FALSE | H24: =tblOR2[[#This Row],[Customer]]+tblOR2[[#This Row],[Product]] -> 0
A25: 43106 | B25: Stater Bros | C25: Chocolate | D25: 12.75 | E25: 1000 | F25: =tblOR2[[#This Row],[Customer Name]]=$K$5 -> FALSE | G25: =tblOR2[[#This Row],[Product Name]]=$K$6 -> FALSE | H25: =tblOR2[[#This Row],[Customer]]+tblOR2[[#This Row],[Product]] -> 0
A26: 43106 | B26: Stater Bros | C26: Curry Sauce | D26: 40 | E26: 320 | F26: =tblOR2[[#This Row],[Customer Name]]=$K$5 -> FALSE | G26: =tblOR2[[#This Row],[Product Name]]=$K$6 -> FALSE | H26: =tblOR2[[#This Row],[Customer]]+tblOR2[[#This Row],[Product]] -> 0
A27: 43107 | B27: Albertsons | C27: Lemonade | D27: 18 | E27: 640 | F27: =tblOR2[[#This Row],[Customer Name]]=$K$5 -> TRUE | G27: =tblOR2[[#This Row],[Product Name]]=$K$6 -> FALSE | H27: =tblOR2[[#This Row],[Customer]]+tblOR2[[#This Row],[Product]] -> 1
A28: 43108 | B28: Food 4 Less | C28: Dried Pears | D28: 30 | E28: 810 | F28: =tblOR2[[#This Row],[Customer Name]]=$K$5 -> FALSE | G28: =tblOR2[[#This Row],[Product Name]]=$K$6 -> FALSE | H28: =tblOR2[[#This Row],[Customer]]+tblOR2[[#This Row],[Product]] -> 0
... A88: 43131 | B88: Food 4 Less | C88: Dried Apples | D88: 53 | E88: 890 | F88: =tblOR2[[#This Row],[Customer Name]]=$K$5 -> FALSE | G88: =tblOR2[[#This Row],[Product Name]]=$K$6 -> FALSE | H88: =tblOR2[[#This Row],[Customer]]+tblOR2[[#This Row],[Product]] -> 0

Sheet Unique
A1: The Unique Function
A2: Table of Contents
A4: Customer Name | B4: Product Name | D4: Customer List | F4: Customer and Product List
A5: Albertsons | B5: Chocolate Cookies Mix | D5: {=_xlfn.UNIQUE(tblUnique[Customer Name])} -> Albertsons | F5: {=_xlfn.UNIQUE(tblUnique[])} -> Albertsons | G5: Chocolate Cookies Mix
A6: Food 4 Less | B6: Chocolate Cookies Mix | D6: Food 4 Less | F6: Food 4 Less | G6: Chocolate Cookies Mix
A7: Food 4 Less | B7: Chocolate Cookies Mix | D7: Costco | F7: Costco | G7: Clam Chowder
A8: Costco | B8: Clam Chowder | D8: Mission Foods | F8: Albertsons | G8: Coffee
A9: Costco | B9: Clam Chowder | D9: Vons | F9: Mission Foods | G9: Coffee
A10: Albertsons | B10: Coffee | D10: Foodsco | F10: Vons | G10: Coffee
A11: Albertsons | B11: Coffee | F11: Costco | G11: Curry Sauce
A12: Mission Foods | B12: Coffee | F12: Food 4 Less | G12: Gnocchi
A13: Mission Foods | B13: Coffee | F13: Albertsons | G13: Green Tea
A14: Vons | B14: Coffee | F14: Costco | G14: Green Tea
A15: Costco | B15: Curry Sauce | F15: Albertsons | G15: Lemonade
A16: Food 4 Less | B16: Gnocchi | F16: Mission Foods | G16: Lemonade
A17: Albertsons | B17: Green Tea | F17: Food 4 Less | G17: Long Grain Rice
A18: Costco | B18: Green Tea | F18: Food 4 Less | G18: Peanut Butter Biscuits
A19: Albertsons | B19: Lemonade | F19: Foodsco | G19: Peanut Butter Biscuits
A20: Mission Foods | B20: Lemonade | F20: Foodsco | G20: Scones
A21: Food 4 Less | B21: Long Grain Rice
A22: Food 4 Less | B22: Peanut Butter Biscuits
A23: Foodsco | B23: Peanut Butter Biscuits
A24: Foodsco | B24: Scones

Sheet Unique by Column
A1: Unique by Column
A2: Table of Contents
O3: Unique
B4: GL | C4: GL | D4: XL | E4: GL | F4: GL | G4: XL | H4: GL | I4: GL | J4: XL | K4: GL | L4: GL | M4: XL | O4: {=_xlfn.UNIQUE(B4:M5,TRUE)} -> GL | P4: XL | Q4: GL | R4: XL | S4: GL | T4: XL | U4: GL | V4: XL
B5: Jan | C5: =B5 -> Jan | D5: =C5 -> Jan | E5: Feb | F5: =E5 -> Feb | G5: =F5 -> Feb | H5: Mar | I5: =H5 -> Mar | J5: =I5 -> Mar | K5: Q1 | L5: =K5 -> Q1 | M5: =L5 -> Q1 | O5: Jan | P5: Jan | Q5: Feb | R5: Feb | S5: Mar | T5: Mar | U5: Q1 | V5: Q1
B6: Act | C6: Fcst | D6: Bdgt | E6: Act | F6: Fcst | G6: Bdgt | H6: Act | I6: Fcst | J6: Bdgt | K6: Act | L6: Fcst | M6: Bdgt
A7: Revenue:
A8: A Revenue | B8: 228342 | C8: 187240.44 | D8: 179750.82 | E8: 287765 | F8: 233089.65 | G8: 240082.34 | H8: 248975 | I8: 288811 | J8: 335020.76 | K8: 1605245.3 | L8: 1665714.3 | M8: 1813494.6
A9: B Revenue | B9: 225240 | C9: 184696.8 | D9: 156992.28 | E9: 265247 | F9: 217502.54 | G9: 250127.92 | H9: 244077 | I9: 231873.15 | J9: 220279.49 | K9: 1543883.5 | L9: 1550516.7 | M9: 1586099.4
A10: C Revenue | B10: 234400 | C10: 246120 | D10: 265809.6 | E10: 286708 | F10: 258037.2 | G10: 247715.71 | H10: 245760 | I10: 265420.8 | J10: 214990.85 | K10: 1784550.5 | L10: 1815571.3 | M10: 1784442.2
A11: Total Revenue | B11: =SUM(B8:B10) -> 687982 | C11: =SUM(C8:C10) -> 618057.24 | D11: =SUM(D8:D10) -> 602552.7 | E11: =SUM(E8:E10) -> 839720 | F11: =SUM(F8:F10) -> 708629.39 | G11: =SUM(G8:G10) -> 737925.97 | H11: =SUM(H8:H10) -> 738812 | I11: =SUM(I8:I10) -> 786104.95 | ... M11: =SUM(M8:M10) -> 5184036.1

Sheet Unique Exactly Once
A1: Unique Exactly Once
A2: Table of Contents
A4: Customer Name | B4: Product Name | D4: Customer List | F4: Customer and Product List
A5: Albertsons | B5: Chocolate Cookies Mix | D5: {=_xlfn.UNIQUE(tblUnique2[Customer Name],,TRUE)} -> Vons | F5: {=_xlfn.UNIQUE(tblUnique2[],,TRUE)} -> Albertsons | G5: Chocolate Cookies Mix
A6: Food 4 Less | B6: Chocolate Cookies Mix | F6: Vons | G6: Coffee
A7: Food 4 Less | B7: Chocolate Cookies Mix | F7: Costco | G7: Curry Sauce
A8: Costco | B8: Clam Chowder | F8: Food 4 Less | G8: Gnocchi
A9: Costco | B9: Clam Chowder | F9: Albertsons | G9: Green Tea
A10: Albertsons | B10: Coffee | F10: Costco | G10: Green Tea
A11: Albertsons | B11: Coffee | F11: Albertsons | G11: Lemonade
A12: Mission Foods | B12: Coffee | F12: Mission Foods | G12: Lemonade
A13: Mission Foods | B13: Coffee | F13: Food 4 Less | G13: Long Grain Rice
A14: Vons | B14: Coffee | F14: Food 4 Less | G14: Peanut Butter Biscuits
A15: Costco | B15: Curry Sauce | F15: Foodsco | G15: Peanut Butter Biscuits
A16: Food 4 Less | B16: Gnocchi | F16: Foodsco | G16: Scones
A17: Albertsons | B17: Green Tea
A18: Costco | B18: Green Tea
A19: Albertsons | B19: Lemonade
A20: Mission Foods | B20: Lemonade
A21: Food 4 Less | B21: Long Grain Rice
A22: Food 4 Less | B22: Peanut Butter Biscuits
A23: Foodsco | B23: Peanut Butter Biscuits
A24: Foodsco | B24: Scones

Sheet Distinct Count
A1: The Unique Function
A2: Table of Contents
A4: Customer Name | B4: Product Name | D4: Distinct Count
A5: Albertsons | B5: Chocolate Cookies Mix | D5: =COUNTA(_xlfn.UNIQUE(tblDistinct[Customer Name])) -> 6
A6: Albertsons | B6: Coffee
A7: Albertsons | B7: Coffee
A8: Albertsons | B8: Green Tea
A9: Albertsons | B9: Lemonade
A10: Costco | B10: Clam Chowder
A11: Costco | B11: Clam Chowder
A12: Costco | B12: Curry Sauce
A13: Costco | B13: Green Tea
A14: Food 4 Less | B14: Chocolate Cookies Mix
A15: Food 4 Less | B15: Chocolate Cookies Mix
A16: Food 4 Less | B16: Gnocchi
A17: Food 4 Less | B17: Long Grain Rice
... A24: Vons | B24: Coffee

Sheet Sort
A1: The Sort Function
A2: Table of Contents
A4: Customer | B4: Revenue | C4: Units | E4: Sorted List
A5: Albertsons | B5: 4971434 | C5: 8626715 | E5: {=_xlfn._xlws.SORT(tblSort[],2,-1)} -> Safeway | F5: 8413867 | G5: 18611602
A6: Safeway | B6: 8413867 | C6: 18611602 | E6: Food 4 Less | F6: 7100933 | G6: 11904232
A7: Whole Foods | B7: 4476681 | C7: 17347263 | E7: Smart & Final | F7: 6143522 | G7: 18194472
A8: Save Mart | B8: 4022113 | C8: 13875544 | E8: Stater Bros | F8: 6041675 | G8: 16587114
A9: Smart & Final | B9: 6143522 | C9: 18194472 | E9: Raley's | F9: 5386024 | G9: 5549635
A10: Food 4 Less | B10: 7100933 | C10: 11904232 | E10: Albertsons | F10: 4971434 | G10: 8626715
A11: Raley's | B11: 5386024 | C11: 5549635 | E11: Whole Foods | F11: 4476681 | G11: 17347263
A12: Vallarta | B12: 1898432 | C12: 9422227 | E12: Save Mart | F12: 4022113 | G12: 13875544
A13: Stater Bros | B13: 6041675 | C13: 16587114 | E13: Vallarta | F13: 1898432 | G13: 9422227
K23: Sort by Column
B24: Product 3 | C24: Product 2 | D24: Product 4 | E24: Product 1 | F24: Product 5 | G24: Product 7 | H24: Product 6 | K24: {=_xlfn._xlws.SORT(B24:H33,1,1,TRUE)} -> Product 1 | L24: Product 2 | M24: Product 3 | N24: Product 4 | O24: Product 5 | P24: Product 6 | Q24: Product 7
A25: Albertsons | B25: 7766655 | C25: 425831 | D25: 4019104 | E25: 946175 | F25: 8291830 | G25: 1780045 | H25: 4024533 | J25: Albertsons | K25: 946175 | L25: 425831 | M25: 7766655 | N25: 4019104 | O25: 8291830 | P25: 4024533 | Q25: 1780045
A26: Safeway | B26: 2249277 | C26: 5612981 | D26: 4699191 | E26: 5858479 | F26: 7935882 | G26: 5197902 | H26: 234590 | J26: Safeway | K26: 5858479 | L26: 5612981 | M26: 2249277 | N26: 4699191 | O26: 7935882 | P26: 234590 | Q26: 5197902
A27: Whole Foods | B27: 1170144 | C27: 6400329 | D27: 1902014 | E27: 9609647 | F27: 2905040 | G27: 5255713 | H27: 8266118 | J27: Whole Foods | K27: 9609647 | L27: 6400329 | M27: 1170144 | N27: 1902014 | O27: 2905040 | P27: 8266118 | Q27: 5255713
A28: Save Mart | B28: 6531463 | C28: 5608768 | D28: 9919043 | E28: 3714610 | F28: 4312777 | G28: 9081552 | H28: 9540735 | J28: Save Mart | K28: 3714610 | L28: 5608768 | M28: 6531463 | N28: 9919043 | O28: 4312777 | P28: 9540735 | Q28: 9081552
A29: Smart & Final | B29: 8713733 | C29: 3766799 | D29: 2288511 | E29: 4081295 | F29: 4154308 | G29: 3755405 | H29: 5201036 | J29: Smart & Final | K29: 4081295 | L29: 3766799 | M29: 8713733 | N29: 2288511 | O29: 4154308 | P29: 5201036 | Q29: 3755405
A30: Food 4 Less | B30: 7352020 | C30: 7652727 | D30: 1140726 | E30: 5713571 | F30: 8923651 | G30: 335286 | H30: 6869857 | J30: Food 4 Less | K30: 5713571 | L30: 7652727 | M30: 7352020 | N30: 1140726 | O30: 8923651 | P30: 6869857 | Q30: 335286
A31: Raley's | B31: 9148465 | C31: 7835838 | D31: 6486460 | E31: 6381243 | F31: 442588 | G31: 2081996 | H31: 9119324 | J31: Raley's | K31: 6381243 | L31: 7835838 | M31: 9148465 | N31: 6486460 | O31: 442588 | P31: 9119324 | Q31: 2081996
A32: Vallarta | B32: 9262592 | C32: 4335937 | D32: 2711563 | E32: 2482522 | F32: 454787 | G32: 997792 | H32: 3722103 | J32: Vallarta | K32: 2482522 | L32: 4335937 | M32: 9262592 | N32: 2711563 | O32: 454787 | P32: 3722103 | Q32: 997792
A33: Stater Bros | B33: 517634 | C33: 7496737 | D33: 4818464 | E33: 2812645 | F33: 4181927 | G33: 6679862 | H33: 9352995 | J33: Stater Bros | K33: 2812645 | L33: 7496737 | M33: 517634 | N33: 4818464 | O33: 4181927 | P33: 9352995 | Q33: 6679862

Sheet SortBy
A1: The SortBy Function
A2: Table of Contents
G3: Sort By Multiple Columns
A4: Order Date | B4: Product Name | C4: Unit Price | D4: Quantity | E4: Revenue | G4: {=tblSortBy[#Headers]} -> Order Date | H4: Product Name | I4: Unit Price | J4: Quantity | K4: Revenue
A5: 43106 | B5: Almond Biscuits Mix | C5: 9.2 | D5: 600 | E5: =tblSortBy[[#This Row],[Unit Price]]*tblSortBy[[#This Row],[Quantity]] -> 5520 | G5: {=_xlfn.SORTBY(tblSortBy[],tblSortBy[Order Date],1,tblSortBy[Revenue],-1)} -> 43101 | H5: Coffee | I5: 46 | J5: 190 | K5: 8740
A6: 43102 | B6: Almonds | C6: 10 | D6: 810 | E6: =tblSortBy[[#This Row],[Unit Price]]*tblSortBy[[#This Row],[Quantity]] -> 8100 | G6: 43101 | H6: Chocolate Cookies Mix | I6: 9.2 | J6: 470 | K6: 4324
A7: 43103 | B7: Cajun Seasoning | C7: 22 | D7: 720 | E7: =tblSortBy[[#This Row],[Unit Price]]*tblSortBy[[#This Row],[Quantity]] -> 15840 | G7: 43101 | H7: Chocolate Cookies Mix | I7: 9 | J7: 70 | K7: 630
A8: 43104 | B8: Chocolate | C8: 12.75 | D8: 1000 | E8: =tblSortBy[[#This Row],[Unit Price]]*tblSortBy[[#This Row],[Quantity]] -> 12750 | G8: 43101 | H8: Shipping Only | I8: 0 | J8: 0 | K8: 0
A9: 43104 | B9: Chocolate | C9: 12.75 | D9: 360 | E9: =tblSortBy[[#This Row],[Unit Price]]*tblSortBy[[#This Row],[Quantity]] -> 4590 | G9: 43102 | H9: Coffee | I9: 46 | J9: 920 | K9: 42320
A10: 43101 | B10: Chocolate Cookies Mix | C10: 9 | D10: 70 | E10: =tblSortBy[[#This Row],[Unit Price]]*tblSortBy[[#This Row],[Quantity]] -> 630 | G10: 43102 | H10: Curry Sauce | I10: 40 | J10: 810 | K10: 32400
A11: 43101 | B11: Chocolate Cookies Mix | C11: 9.2 | D11: 470 | E11: =tblSortBy[[#This Row],[Unit Price]]*tblSortBy[[#This Row],[Quantity]] -> 4324 | G11: 43102 | H11: Almonds | I11: 10 | J11: 810 | K11: 8100
A12: 43103 | B12: Chocolate Cookies Mix | C12: 9.2 | D12: 380 | E12: =tblSortBy[[#This Row],[Unit Price]]*tblSortBy[[#This Row],[Quantity]] -> 3496 | G12: 43102 | H12: Mozzarella | I12: 34.8 | J12: 180 | K12: 6264
A13: 43103 | B13: Chocolate Cookies Mix | C13: 9.2 | D13: 880 | E13: =tblSortBy[[#This Row],[Unit Price]]*tblSortBy[[#This Row],[Quantity]] -> 8096 | G13: 43102 | H13: Green Tea | I13: 2.99 | J13: 900 | K13: 2691
A14: 43101 | B14: Coffee | C14: 46 | D14: 190 | E14: =tblSortBy[[#This Row],[Unit Price]]*tblSortBy[[#This Row],[Quantity]] -> 8740 | G14: 43102 | H14: Dried Plums | I14: 3.5 | J14: 750 | K14: 2625
A15: 43102 | B15: Coffee | C15: 46 | D15: 920 | E15: =tblSortBy[[#This Row],[Unit Price]]*tblSortBy[[#This Row],[Quantity]] -> 42320 | G15: 43102 | H15: Soda | I15: 14 | J15: 100 | K15: 1400
A16: 43102 | B16: Curry Sauce | C16: 40 | D16: 810 | E16: =tblSortBy[[#This Row],[Unit Price]]*tblSortBy[[#This Row],[Quantity]] -> 32400 | G16: 43103 | H16: Curry Sauce | I16: 40 | J16: 820 | K16: 32800
A17: 43103 | B17: Curry Sauce | C17: 40 | D17: 250 | E17: =tblSortBy[[#This Row],[Unit Price]]*tblSortBy[[#This Row],[Quantity]] -> 10000 | G17: 43103 | H17: Cajun Seasoning | I17: 22 | J17: 720 | K17: 15840
... A29: 43102 | B29: Soda | C29: 14 | D29: 100 | E29: =tblSortBy[[#This Row],[Unit Price]]*tblSortBy[[#This Row],[Quantity]] -> 1400 | G29: 43106 | H29: Almond Biscuits Mix | I29: 9.2 | J29: 600 | K29: 5520

Sheet SortBy Excl Cols
A1: SortBy Exclude Columns
A2: Table of Contents
G3: Sort By Multiple Columns
A4: Order ID | B4: Product Name | C4: Unit Price | D4: Quantity | E4: Revenue | G4: Product Name | H4: Unit Price
A5: 100048 | B5: Almond Biscuits Mix | C5: 9.2 | D5: 600 | E5: =tblSortByExcl[[#This Row],[Unit Price]]*tblSortByExcl[[#This Row],[Quantity]] -> 5520 | G5: {=_xlfn.SORTBY(tblSortByExcl[[Product Name]:[Unit Price]],tblSortByExcl[Order ID])} -> Chocolate Cookies Mix | H5: 9
A6: 100029 | B6: Almonds | C6: 10 | D6: 810 | E6: =tblSortByExcl[[#This Row],[Unit Price]]*tblSortByExcl[[#This Row],[Quantity]] -> 8100 | G6: Chocolate Cookies Mix | H6: 9.2
A7: 100036 | B7: Cajun Seasoning | C7: 22 | D7: 720 | E7: =tblSortByExcl[[#This Row],[Unit Price]]*tblSortByExcl[[#This Row],[Quantity]] -> 15840 | G7: Coffee | H7: 46
A8: 100041 | B8: Chocolate | C8: 12.75 | D8: 1000 | E8: =tblSortByExcl[[#This Row],[Unit Price]]*tblSortByExcl[[#This Row],[Quantity]] -> 12750 | G8: Shipping Only | H8: 0
A9: 100042 | B9: Chocolate | C9: 12.75 | D9: 360 | E9: =tblSortByExcl[[#This Row],[Unit Price]]*tblSortByExcl[[#This Row],[Quantity]] -> 4590 | G9: Almonds | H9: 10
A10: 100025 | B10: Chocolate Cookies Mix | C10: 9 | D10: 70 | E10: =tblSortByExcl[[#This Row],[Unit Price]]*tblSortByExcl[[#This Row],[Quantity]] -> 630 | G10: Coffee | H10: 46
A11: 100026 | B11: Chocolate Cookies Mix | C11: 9.2 | D11: 470 | E11: =tblSortByExcl[[#This Row],[Unit Price]]*tblSortByExcl[[#This Row],[Quantity]] -> 4324 | G11: Curry Sauce | H11: 40
A12: 100037 | B12: Chocolate Cookies Mix | C12: 9.2 | D12: 380 | E12: =tblSortByExcl[[#This Row],[Unit Price]]*tblSortByExcl[[#This Row],[Quantity]] -> 3496 | G12: Dried Plums | H12: 3.5
A13: 100038 | B13: Chocolate Cookies Mix | C13: 9.2 | D13: 880 | E13: =tblSortByExcl[[#This Row],[Unit Price]]*tblSortByExcl[[#This Row],[Quantity]] -> 8096 | G13: Green Tea | H13: 2.99
A14: 100027 | B14: Coffee | C14: 46 | D14: 190 | E14: =tblSortByExcl[[#This Row],[Unit Price]]*tblSortByExcl[[#This Row],[Quantity]] -> 8740 | G14: Mozzarella | H14: 34.8
A15: 100030 | B15: Coffee | C15: 46 | D15: 920 | E15: =tblSortByExcl[[#This Row],[Unit Price]]*tblSortByExcl[[#This Row],[Quantity]] -> 42320 | G15: Soda | H15: 14
A16: 100031 | B16: Curry Sauce | C16: 40 | D16: 810 | E16: =tblSortByExcl[[#This Row],[Unit Price]]*tblSortByExcl[[#This Row],[Quantity]] -> 32400 | G16: Cajun Seasoning | H16: 22
A17: 100039 | B17: Curry Sauce | C17: 40 | D17: 250 | E17: =tblSortByExcl[[#This Row],[Unit Price]]*tblSortByExcl[[#This Row],[Quantity]] -> 10000 | G17: Chocolate Cookies Mix | H17: 9.2
... A29: 100035 | B29: Soda | C29: 14 | D29: 100 | E29: =tblSortByExcl[[#This Row],[Unit Price]]*tblSortByExcl[[#This Row],[Quantity]] -> 1400 | G29: Fruit Cocktail | H29: 39

Sheet Sequence Basics
A1: The Sequence Function
A2: Table of Contents
A3: Sequence Numbers
A4: {=TRANSPOSE(_xlfn.SEQUENCE(2,10,20,2))} -> 20 | B4: 40
A5: 22 | B5: 42
A6: 24 | B6: 44
A7: 26 | B7: 46
A8: 28 | B8: 48
A9: 30 | B9: 50
A10: 32 | B10: 52
A11: 34 | B11: 54
A12: 36 | B12: 56
A13: 38 | B13: 58

Sheet Sequence Letters Dates
A1: The Sequence Function Letters and Dates
A2: Table of Contents
C3: Start Date | D3: 43831
C4: End Date | D4: 43838
A5: Sequence of Letters | D5: Sequence of Dates
A6: {=CHAR(_xlfn.SEQUENCE(26,,97))} -> a | D6: {=_xlfn.SEQUENCE(D4-D3+1,,D3)} -> 43831
A7: b | D7: 43832
A8: c | D8: 43833
A9: d | D9: 43834
A10: e | D10: 43835
A11: f | D11: 43836
A12: g | D12: 43837
A13: h | D13: 43838
A14: i
A15: j
A16: k
A17: l
A18: m
A19: n
A20: o
A21: p
A22: q
A23: r
A24: s
A25: t
... A31: z

Sheet RandArray
A1: The RandArray Function
A2: Table of Contents
A3: List of Random Numbers | C3: Random Sequence | E3: Name | G3: Random List
A4: {=_xlfn.RANDARRAY(10,1,100,1000,TRUE)} -> 184 | C4: {=_xlfn.SORTBY(_xlfn.SEQUENCE(10),_xlfn.RANDARRAY(10))} -> 8 | E4: Laney Harradine | G4: {=_xlfn.SORTBY(tblRand[Name],_xlfn.RANDARRAY(COUNTA(tblRand[Name])))} -> Rutledge Mousby
A5: 154 | C5: 7 | E5: Noella Jurn | G5: Arri Lie
A6: 124 | C6: 10 | E6: Rutledge Mousby | G6: Leyla Clewarth
A7: 496 | C7: 4 | E7: Leyla Clewarth | G7: Colver Baybutt
A8: 161 | C8: 5 | E8: Christina Brierton | G8: Andrea Longcaster
A9: 379 | C9: 1 | E9: Arri Lie | G9: Jarib Insoll
A10: 783 | C10: 9 | E10: Phillis Batcock | G10: Christina Brierton
A11: 313 | C11: 6 | E11: Clarance Butler | G11: Noella Jurn
A12: 782 | C12: 3 | E12: Andrea Longcaster | G12: Phillis Batcock
A13: 286 | C13: 2 | E13: Mabelle Pace | G13: Laney Harradine
E14: Colver Baybutt | G14: Catie Leinster
E15: Jarib Insoll | G15: Mabelle Pace
E16: Catie Leinster | G16: Clarance Butler

Sheet Data Validation
A1: Data Validation
A2: Table of Contents
A4: Category | B4: Product Name | C4: Price | E4: Unique List | G4: Category: | H4: Beer
A5: Coffee | B5: Black | C5: 1 | E5: {=_xlfn._xlws.SORT(_xlfn.UNIQUE(tblDV[Category]))} -> Beer
A6: Coffee | B6: Latte | C6: 2.75 | E6: Coffee | G6: Products | H6: Price
A7: Coffee | B7: Cappuccino | C7: 2.75 | E7: Other | G7: {=_xlfn._xlws.FILTER(tblDV[[Product Name]:[Price]],tblDV[Category]=H4,"Select a Category")} -> IPA | H7: 5
A8: Coffee | B8: Americano | C8: 2.95 | E8: Tea | G8: Lager | H8: 4
A9: Coffee | B9: Espresso | C9: 3.5 | E9: Wine | G9: Stout | H9: 6
A10: Coffee | B10: Macchiato | C10: 4.5
A11: Coffee | B11: Flat White | C11: 2.95
A12: Tea | B12: Earl Grey | C12: 1.95
A13: Tea | B13: Chai | C13: 1.95
A14: Tea | B14: Chamomile | C14: 1.75
A15: Tea | B15: Matcha | C15: 2.25
A16: Tea | B16: Hibiscus | C16: 2.5
A17: Other | B17: Lemonade | C17: 2
A18: Other | B18: Sparkling Water | C18: 1.75
A19: Wine | B19: Cabernet | C19: 8
A20: Wine | B20: Merlot | C20: 6
A21: Wine | B21: Chardonay | C21: 6.5
... A25: Beer | B25: Stout | C25: 6

Sheet Summary Report Example
A1: Summary Reports with Dynamic Arrays
A2: Table of Contents
B4: Company | C4: {=TRANSPOSE(_xlfn._xlws.SORT(_xlfn.UNIQUE(tblData[Year-Month])))} -> 2019-01 | D4: 2019-02 | E4: 2019-03 | F4: 2019-04 | G4: 2019-05 | H4: 2019-06 | I4: 2019-07 | J4: 2019-08 | K4: 2019-09 | L4: 2019-10 | M4: 2019-11 | N4: 2019-12
B5: {=_xlfn.UNIQUE(tblData[Company])} -> Dell | C5: {=SUMIFS(tblData[Revenue],tblData[Company],_xlfn.ANCHORARRAY(B5),tblData[Year-Month],_xlfn.ANCHORARRAY(C4))} -> 686 | D5: 0 | E5: 2192.4 | F5: 943.12 | G5: 2231.7 | H5: 2645 | I5: 2021.8 | J5: 1982.85 | K5: 3144 | L5: 3236.4 | M5: 2228.35 | N5: 5787.55
B6: Merriam Webster | C6: 763.75 | D6: 0 | E6: 1072.5 | F6: 4526.4 | G6: 0 | H6: 5563 | I6: 0 | J6: 496.8 | K6: 2573.6 | L6: 548.25 | M6: 1177.6 | N6: 8164.19
B7: Trip Advisor | C7: 6806.8 | D7: 1318 | E7: 460 | F7: 1321.37 | G7: 3684.65 | H7: 1473.4 | I7: 5060.5 | J7: 2014.75 | K7: 4826.4 | L7: 5101.6 | M7: 2622 | N7: 2933.2
B8: List Manage | C8: 4463.2 | D8: 0 | E8: 1564 | F8: 1888.65 | G8: 763.2 | H8: 6322.5 | I8: 0 | J8: 2595.75 | K8: 3132.4 | L8: 548.25 | M8: 0 | N8: 4918.95
B9: Cornell | C9: 878.15 | D9: 2005.25 | E9: 4585.8 | F9: 0 | G9: 1651.8 | H9: 3152 | I9: 1512.05 | J9: 1540.77 | K9: 656.2 | L9: 3956 | M9: 1035.2 | N9: 3659.59
B10: Tamu | C10: 1111.5 | D10: 1637.75 | E10: 480 | F10: 916.75 | G10: 2047.85 | H10: 5222.6 | I10: 718.45 | J10: 4581.35 | K10: 0 | L10: 4342.08 | M10: 443.9 | N10: 2688
B11: Site Meter | C11: 1234.1 | D11: 4636 | E11: 3300 | F11: 1058.25 | G11: 3389.2 | H11: 6491.2 | I11: 7328.35 | J11: 0 | K11: 4285.3 | L11: 1283.45 | M11: 1350 | N11: 5685.2
B12: Event Brite | C12: 1198.5 | D12: 0 | E12: 986 | F12: 4416 | G12: 4740 | H12: 2142 | I12: 1739.6 | J12: 1287 | K12: 3328.4 | L12: 7190.4 | M12: 135.1 | N12: 1431
B13: Xing | C13: 1693.2 | D13: 1280 | E13: 0 | F13: 0 | G13: 5352 | H13: 3512.4 | I13: 1516 | J13: 0 | K13: 3950.15 | L13: 6594.9 | M13: 3683.25 | N13: 6494.9
B14: Newsvine | C14: 868.35 | D14: 0 | E14: 8935.2 | F14: 0 | G14: 768.6 | H14: 0 | I14: 1104 | J14: 0 | K14: 0 | L14: 3963.68 | M14: 5088.4 | N14: 4647.2
B15: Network Solutions | C15: 0 | D15: 3107.3 | E15: 0 | F15: 0 | G15: 2724.55 | H15: 2335.5 | I15: 1189.5 | J15: 2396.77 | K15: 936 | L15: 120 | M15: 3698.35 | N15: 4406.4
B16: Stumble Upon | C16: 0 | D16: 2880 | E16: 4142 | F16: 0 | G16: 1599 | H16: 1520 | I16: 1601.6 | J16: 4038 | K16: 0 | L16: 4576 | M16: 174.8 | N16: 736

Sheet Summary Report Practice
A1: Summary Reports with Dynamic Arrays
A2: Table of Contents
B4: Company | C4: {=TRANSPOSE(_xlfn._xlws.SORT(_xlfn.UNIQUE(tblData[Year-Month])))} -> 2019-01 | D4: 2019-02 | E4: 2019-03 | F4: 2019-04 | G4: 2019-05 | H4: 2019-06 | I4: 2019-07 | J4: 2019-08 | K4: 2019-09 | L4: 2019-10 | M4: 2019-11 | N4: 2019-12
B5: {=_xlfn.UNIQUE(tblData[Company])} -> Dell | C5: {=SUMIFS(tblData[Revenue],tblData[Company],_xlfn.ANCHORARRAY(B5),tblData[Year-Month],_xlfn.ANCHORARRAY(C4))} -> 686 | D5: 0 | E5: 2192.4 | F5: 943.12 | G5: 2231.7 | H5: 2645 | I5: 2021.8 | J5: 1982.85 | K5: 3144 | L5: 3236.4 | M5: 2228.35 | N5: 5787.55
B6: Merriam Webster | C6: 763.75 | D6: 0 | E6: 1072.5 | F6: 4526.4 | G6: 0 | H6: 5563 | I6: 0 | J6: 496.8 | K6: 2573.6 | L6: 548.25 | M6: 1177.6 | N6: 8164.19
B7: Trip Advisor | C7: 6806.8 | D7: 1318 | E7: 460 | F7: 1321.37 | G7: 3684.65 | H7: 1473.4 | I7: 5060.5 | J7: 2014.75 | K7: 4826.4 | L7: 5101.6 | M7: 2622 | N7: 2933.2
B8: List Manage | C8: 4463.2 | D8: 0 | E8: 1564 | F8: 1888.65 | G8: 763.2 | H8: 6322.5 | I8: 0 | J8: 2595.75 | K8: 3132.4 | L8: 548.25 | M8: 0 | N8: 4918.95
B9: Cornell | C9: 878.15 | D9: 2005.25 | E9: 4585.8 | F9: 0 | G9: 1651.8 | H9: 3152 | I9: 1512.05 | J9: 1540.77 | K9: 656.2 | L9: 3956 | M9: 1035.2 | N9: 3659.59
B10: Tamu | C10: 1111.5 | D10: 1637.75 | E10: 480 | F10: 916.75 | G10: 2047.85 | H10: 5222.6 | I10: 718.45 | J10: 4581.35 | K10: 0 | L10: 4342.08 | M10: 443.9 | N10: 2688
B11: Site Meter | C11: 1234.1 | D11: 4636 | E11: 3300 | F11: 1058.25 | G11: 3389.2 | H11: 6491.2 | I11: 7328.35 | J11: 0 | K11: 4285.3 | L11: 1283.45 | M11: 1350 | N11: 5685.2
B12: Event Brite | C12: 1198.5 | D12: 0 | E12: 986 | F12: 4416 | G12: 4740 | H12: 2142 | I12: 1739.6 | J12: 1287 | K12: 3328.4 | L12: 7190.4 | M12: 135.1 | N12: 1431
B13: Xing | C13: 1693.2 | D13: 1280 | E13: 0 | F13: 0 | G13: 5352 | H13: 3512.4 | I13: 1516 | J13: 0 | K13: 3950.15 | L13: 6594.9 | M13: 3683.25 | N13: 6494.9
B14: Newsvine | C14: 868.35 | D14: 0 | E14: 8935.2 | F14: 0 | G14: 768.6 | H14: 0 | I14: 1104 | J14: 0 | K14: 0 | L14: 3963.68 | M14: 5088.4 | N14: 4647.2
B15: Network Solutions | C15: 0 | D15: 3107.3 | E15: 0 | F15: 0 | G15: 2724.55 | H15: 2335.5 | I15: 1189.5 | J15: 2396.77 | K15: 936 | L15: 120 | M15: 3698.35 | N15: 4406.4
B16: Stumble Upon | C16: 0 | D16: 2880 | E16: 4142 | F16: 0 | G16: 1599 | H16: 1520 | I16: 1601.6 | J16: 4038 | K16: 0 | L16: 4576 | M16: 174.8 | N16: 736

Sheet Data
A1: Source Data
A2: Table of Contents
A3: Order ID | B3: Order Date | C3: Year-Month | D3: Quarter | E3: Customer ID | F3: Rep ID | G3: Category | H3: Unit Price | I3: Quantity | J3: Revenue | K3: Shipping Fee | L3: Company | M3: Contact Name | N3: Contact Email | O3: Contact Phone | P3: Contact Time Zone
A4: 1001 | B4: 43492 | C4: =YEAR(tblData[[#This Row],[Order Date]])&"-"&TEXT(tblData[[#This Row],[Order Date]],"mm") -> 2019-01 | D4: ="Q"&ROUNDUP(MONTH(tblData[[#This Row],[Order Date]])/3,0) -> Q1 | E4: 1 | F4: 1 | G4: Beverages | H4: 14 | I4: 49 | J4: 686 | K4: 66.542 | L4: Dell | M4: Tod Betteson | N4: tbetteson0@dell.com | O4: 568-274-1435 | P4: America/EST
A5: 1002 | B5: 43492 | C5: =YEAR(tblData[[#This Row],[Order Date]])&"-"&TEXT(tblData[[#This Row],[Order Date]],"mm") -> 2019-01 | D5: ="Q"&ROUNDUP(MONTH(tblData[[#This Row],[Order Date]])/3,0) -> Q1 | E5: 9 | F5: 1 | G5: Dried Fruit & Nuts | H5: 3.5 | I5: 47 | J5: 164.5 | K5: 16.6145 | L5: Merriam Webster | M5: Ramon Duggan | N5: rduggan8@merriam-webster.com | O5: 470-755-8795 | P5: Asia/Jakarta
A6: 1083 | B6: 43567 | C6: =YEAR(tblData[[#This Row],[Order Date]])&"-"&TEXT(tblData[[#This Row],[Order Date]],"mm") -> 2019-04 | D6: ="Q"&ROUNDUP(MONTH(tblData[[#This Row],[Order Date]])/3,0) -> Q2 | E6: 9 | F6: 1 | G6: Beverages | H6: 46 | I6: 96 | J6: 4416 | K6: 428.352 | L6: Merriam Webster | M6: Ramon Duggan | N6: rduggan8@merriam-webster.com | O6: 470-755-8795 | P6: Asia/Jakarta
A7: 1006 | B7: 43477 | C7: =YEAR(tblData[[#This Row],[Order Date]])&"-"&TEXT(tblData[[#This Row],[Order Date]],"mm") -> 2019-01 | D7: ="Q"&ROUNDUP(MONTH(tblData[[#This Row],[Order Date]])/3,0) -> Q1 | E7: 10 | F7: 1 | G7: Beverages | H7: 18 | I7: 81 | J7: 1458 | K7: 141.426 | L7: Trip Advisor | M7: Abba Pouton | N7: apouton9@tripadvisor.com | O7: 201-684-6251 | P7: America/PST
A8: 1007 | B8: 43477 | C8: =YEAR(tblData[[#This Row],[Order Date]])&"-"&TEXT(tblData[[#This Row],[Order Date]],"mm") -> 2019-01 | D8: ="Q"&ROUNDUP(MONTH(tblData[[#This Row],[Order Date]])/3,0) -> Q1 | E8: 8 | F8: 1 | G8: Beverages | H8: 46 | I8: 44 | J8: 2024 | K8: 198.352 | L8: List Manage | M8: Branden Pammenter | N8: bpammenter7@list-manage.com | O8: 433-296-2157 | P8: America/PST
A9: 1082 | B9: 43567 | C9: =YEAR(tblData[[#This Row],[Order Date]])&"-"&TEXT(tblData[[#This Row],[Order Date]],"mm") -> 2019-04 | D9: ="Q"&ROUNDUP(MONTH(tblData[[#This Row],[Order Date]])/3,0) -> Q2 | E9: 8 | F9: 1 | G9: Beverages | H9: 18 | I9: 74 | J9: 1332 | K9: 137.196 | L9: List Manage | M9: Branden Pammenter | N9: bpammenter7@list-manage.com | O9: 433-296-2157 | P9: America/PST
A10: 1011 | B10: 43468 | C10: =YEAR(tblData[[#This Row],[Order Date]])&"-"&TEXT(tblData[[#This Row],[Order Date]],"mm") -> 2019-01 | D10: ="Q"&ROUNDUP(MONTH(tblData[[#This Row],[Order Date]])/3,0) -> Q1 | E10: 4 | F10: 1 | G10: Soups | H10: 9.65 | I10: 91 | J10: 878.15 | K10: 92.2057 | L10: Cornell | M10: Livia Pottie | N10: lpottie3@cornell.edu | O10: 998-630-9604 | P10: Asia/Manila
A11: 1031 | B11: 43499 | C11: =YEAR(tblData[[#This Row],[Order Date]])&"-"&TEXT(tblData[[#This Row],[Order Date]],"mm") -> 2019-02 | D11: ="Q"&ROUNDUP(MONTH(tblData[[#This Row],[Order Date]])/3,0) -> Q1 | E11: 4 | F11: 1 | G11: Condiments | H11: 10 | I11: 63 | J11: 630 | K11: 65.52 | L11: Cornell | M11: Livia Pottie | N11: lpottie3@cornell.edu | O11: 998-630-9604 | P11: Asia/Manila
A12: 1100 | B12: 43588 | C12: =YEAR(tblData[[#This Row],[Order Date]])&"-"&TEXT(tblData[[#This Row],[Order Date]],"mm") -> 2019-05 | D12: ="Q"&ROUNDUP(MONTH(tblData[[#This Row],[Order Date]])/3,0) -> Q2 | E12: 4 | F12: 1 | G12: Soups | H12: 9.65 | I12: 43 | J12: 414.95 | K12: 42.3249 | L12: Cornell | M12: Livia Pottie | N12: lpottie3@cornell.edu | O12: 998-630-9604 | P12: Asia/Manila
A13: 1070 | B13: 43527 | C13: =YEAR(tblData[[#This Row],[Order Date]])&"-"&TEXT(tblData[[#This Row],[Order Date]],"mm") -> 2019-03 | D13: ="Q"&ROUNDUP(MONTH(tblData[[#This Row],[Order Date]])/3,0) -> Q1 | E13: 6 | F13: 1 | G13: Condiments | H13: 10 | I13: 48 | J13: 480 | K13: 48 | L13: Tamu | M13: Dew Falk | N13: dfalk5@tamu.edu | O13: 385-156-8151 | P13: America/PST
A14: 1087 | B14: 43558 | C14: =YEAR(tblData[[#This Row],[Order Date]])&"-"&TEXT(tblData[[#This Row],[Order Date]],"mm") -> 2019-04 | D14: ="Q"&ROUNDUP(MONTH(tblData[[#This Row],[Order Date]])/3,0) -> Q2 | E14: 6 | F14: 1 | G14: Soups | H14: 9.65 | I14: 95 | J14: 916.75 | K14: 91.675 | L14: Tamu | M14: Dew Falk | N14: dfalk5@tamu.edu | O14: 385-156-8151 | P14: America/PST
A15: 1032 | B15: 43499 | C15: =YEAR(tblData[[#This Row],[Order Date]])&"-"&TEXT(tblData[[#This Row],[Order Date]],"mm") -> 2019-02 | D15: ="Q"&ROUNDUP(MONTH(tblData[[#This Row],[Order Date]])/3,0) -> Q1 | E15: 7 | F15: 1 | G15: Sauces | H15: 40 | I15: 30 | J15: 1200 | K15: 120 | L15: Site Meter | M15: Judd Burdas | N15: jburdas6@sitemeter.com | O15: 837-758-9836 | P15: Europe/Stockholm
... A304: 1395 | B304: 43808 | C304: =YEAR(tblData[[#This Row],[Order Date]])&"-"&TEXT(tblData[[#This Row],[Order Date]],"mm") -> 2019-12 | D304: ="Q"&ROUNDUP(MONTH(tblData[[#This Row],[Order Date]])/3,0) -> Q4 | E304: 9 | F304: 9 | G304: Dairy Products | H304: 34.8 | I304: 69 | J304: 2401.2 | K304: 240.12 | L304: Merriam Webster | M304: Ramon Duggan | N304: rduggan8@merriam-webster.com | O304: 470-755-8795 | P304: Asia/Jakarta

Sheet Summary with Filters
A1: Summary Reports with Dynamic Arrays
A2: Table of Contents
B3: Category: | C3: Beverages
B4: Quarter: | C4: Q1
B6: Company | C6: {=TRANSPOSE(_xlfn._xlws.SORT(_xlfn.UNIQUE(_xlfn._xlws.FILTER(tblData[Year-Month],(tblData[Quarter]=C4)+(C4='Summary Lists'!D1),"Please select a quarter"))))} -> 2019-01 | D6: 2019-02 | E6: 2019-03
B7: {=_xlfn.UNIQUE(tblData[Company])} -> Dell | C7: {=SUMIFS(tblData[Revenue],tblData[Company],_xlfn.ANCHORARRAY(B7),tblData[Year-Month],_xlfn.ANCHORARRAY(C6),tblData[Category],IF(C3='Summary Lists'!B1,"*",C3))} -> 686 | D7: 0 | E7: 0
B8: Merriam Webster | C8: 0 | D8: 0 | E8: 0
B9: Trip Advisor | C9: 3988 | D9: 0 | E9: 0
B10: List Manage | C10: 2024 | D10: 0 | E10: 0
B11: Cornell | C11: 0 | D11: 0 | E11: 0
B12: Tamu | C12: 0 | D12: 1472 | E12: 0
B13: Site Meter | C13: 269.1 | D13: 0 | E13: 0
B14: Event Brite | C14: 0 | D14: 0 | E14: 782
B15: Xing | C15: 994 | D15: 0 | E15: 0
B16: Newsvine | C16: 269.1 | D16: 0 | E16: 1008
B17: Network Solutions | C17: 0 | D17: 0 | E17: 0
B18: Stumble Upon | C18: 0 | D18: 0 | E18: 742

Sheet Summary with Filters Practice
A1: Summary Reports with Dynamic Arrays
A2: Table of Contents
B3: Category: | C3: Beverages
B4: Quarter: | C4: Q1
B6: Company | C6: {=TRANSPOSE(_xlfn._xlws.SORT(_xlfn.UNIQUE(_xlfn._xlws.FILTER(tblData[Year-Month],(tblData[Quarter]=C4)+(C4='Summary Lists'!D1),"Please select a quarter"))))} -> 2019-01 | D6: 2019-02 | E6: 2019-03
B7: {=_xlfn.UNIQUE(tblData[Company])} -> Dell | C7: {=SUMIFS(tblData[Revenue],tblData[Company],_xlfn.ANCHORARRAY(B7),tblData[Year-Month],_xlfn.ANCHORARRAY(C6),tblData[Category],IF(C3='Summary Lists'!B1,"*",C3))} -> 686 | D7: 0 | E7: 0
B8: Merriam Webster | C8: 0 | D8: 0 | E8: 0
B9: Trip Advisor | C9: 3988 | D9: 0 | E9: 0
B10: List Manage | C10: 2024 | D10: 0 | E10: 0
B11: Cornell | C11: 0 | D11: 0 | E11: 0
B12: Tamu | C12: 0 | D12: 1472 | E12: 0
B13: Site Meter | C13: 269.1 | D13: 0 | E13: 0
B14: Event Brite | C14: 0 | D14: 0 | E14: 782
B15: Xing | C15: 994 | D15: 0 | E15: 0
B16: Newsvine | C16: 269.1 | D16: 0 | E16: 1008
B17: Network Solutions | C17: 0 | D17: 0 | E17: 0
B18: Stumble Upon | C18: 0 | D18: 0 | E18: 742

Sheet Summary Lists
A1: All Categories | B1: {=_xlfn.ANCHORARRAY(A2):A1} -> All Categories | D1: All Quarters | E1: {=_xlfn.ANCHORARRAY(D2):D1} -> All Quarters
A2: {=_xlfn.UNIQUE(tblData[Category])} -> Beverages | B2: Beverages | D2: {=_xlfn.UNIQUE(tblData[Quarter])} -> Q1 | E2: Q1
A3: Dried Fruit & Nuts | B3: Dried Fruit & Nuts | D3: Q2 | E3: Q2
A4: Soups | B4: Soups | D4: Q3 | E4: Q3
A5: Condiments | B5: Condiments | D5: Q4 | E5: Q4
A6: Sauces | B6: Sauces
A7: Candy | B7: Candy
A8: Fruit & Veg | B8: Fruit & Veg
A9: Baked Goods & Mixes | B9: Baked Goods & Mixes
A10: Dairy Products | B10: Dairy Products
A11: Canned Meat | B11: Canned Meat
A12: Jams, Preserves | B12: Jams, Preserves
A13: Oil | B13: Oil
A14: Pasta | B14: Pasta

Sheet Income Statement
B1: Income Statement
B2: Name
B3: Time Period
B4: Financial Statements in U.S. Dollars
B5: Revenue
B6: Gross Sales
B7: Less: Sales Returns and Allowances
B8: Net Sales | E8: =IF(OR(D6<>0,D7<>0),SUM(D6-D7),0) -> 0
B10: Cost of Goods Sold
B11: Beginning Inventory
B12: Add: Purchases
B13: Freight-in
B14: Direct Labor
B15: Indirect Expenses
B16: Inventory Available | D16: =IF(SUM(D11:D15),SUM(D11:D15),0) -> 0
B17: Less: Ending Inventory
B18: Cost of Goods Sold | E18: =IF(OR(Inventory_Avail,D17),Inventory_Avail-D17,0) -> 0
B20: Gross Profit (Loss) | E20: =IF(OR(Net_Sales,COGS),Net_Sales-COGS,0) -> 0
B22: Expenses
B23: Advertising
B24: Amortization
B25: Bad Debts
B26: Bank Charges
B27: Charitable Contributions
B28: Commissions
B29: Contract Labor
B30: Depreciation
B31: Dues and Subscriptions
B32: Employee Benefit Programs
B33: Insurance
... B48: Wages
B49: Total Expenses | E49: =IF(SUM(D23:D48),SUM(D23:D48),0) -> 0
B51: Net Operating Income | E51: =IF(OR(Gross_Profit,Total_Expenses),Gross_Profit-Total_Expenses,0) -> 0
B53: Other Income
B54: Gain (Loss) on Sale of Assets
B55: Interest Income
B56: Total Other Income | E56: =IF(OR(D54<>0,D55<>0),D54+D55,0) -> 0
B58: Net Income (Loss) | E58: =IF(OR(Op_Income,Other_Income),Op_Income+Other_Income,0) -> 0

Sheet VLOOKUP & XLOOKUP
A1: VLOOKUP & XLOOKUP with Dynamic Arrays
A2: Table of Contents
B3: VLOOKUP | C3: XLOOKUP
A4: Name | B4: Birthday | C4: Birthday | E4: Name | F4: Birthday
A5: Elvera Tschiersch | B5: {=VLOOKUP($A$5:$A$16,tblCallList[[Name]:[Birthday]],3,FALSE)} -> 3/18/1940 | C5: {=_xlfn.XLOOKUP(A5:A16,tblCallList[Name],tblCallList[Birthday])} -> 3/18/1940 | E5: {=_xlfn.UNIQUE(tblCallList[Name])} -> Aili Whitewood | F5: {=_xlfn.XLOOKUP(_xlfn.ANCHORARRAY(E5),tblCallList[Name],tblCallList[Birthday])} -> 1/9/1959
A6: Daffie Filkov | B6: 5/21/1954 | C6: 5/21/1954 | E6: Alasdair Scalera | F6: 7/30/1991
A7: Maurise Tait | B7: 1/7/1972 | C7: 1/7/1972 | E7: Alister Romera | F7: 12/9/1957
A8: Prentiss Huckleby | B8: 1/14/1952 | C8: 1/14/1952 | E8: Alix Wetton | F8: 6/27/1964
A9: Graehme Hugin | B9: 4/29/1981 | C9: 4/29/1981 | E9: Anabal Reford | F9: 1/12/1977
A10: Nathanael Walters | B10: 1/20/1985 | C10: 1/20/1985 | E10: Annalise Watting | F10: 7/6/1957
A11: Erik Highnam | B11: 9/20/1985 | C11: 9/20/1985 | E11: Antonella O'Growgane | F11: 12/17/1941
A12: Sapphire Leere | B12: 7/5/1940 | C12: 7/5/1940 | E12: Arluene Norssister | F12: 1/5/1945
A13: Gloriane Sainthill | B13: 8/18/1966 | C13: 8/18/1966 | E13: Augustina Parkes | F13: 11/21/1957
A14: Clerc Franscioni | B14: 9/15/1958 | C14: 9/15/1958 | E14: Brita Wilcott | F14: 3/31/1984
A15: Erick Westgate | B15: 2/24/1974 | C15: 2/24/1974 | E15: Bryanty Petrazzi | F15: 1/17/1987
A16: Saunders Beeby | B16: 7/19/1958 | C16: 7/19/1958 | E16: Byram Tinwell | F16: 6/4/1948
E17: Cammie Bibby | F17: 11/16/1947
E18: Chase Walkinshaw | F18: 1/14/1972
E19: Cherie Cotsford | F19: 12/13/1994
E20: Cherlyn Cubitt | F20: 2/6/1972
E21: Christiano Willmott | F21: 9/10/1943
E22: Christoforo Zeale | F22: 12/6/1967
E23: Clerc Franscioni | F23: 9/15/1958
E24: Constancia Minchenton | F24: 1/26/1967
E25: Correna Lazenby | F25: 6/20/1971
E26: Cozmo Frankcombe | F26: 1/16/1953
E27: Dacy McKeating | F27: 10/2/1988
E28: Daffie Filkov | F28: 5/21/1954
... E104: Zerk Bridie | F104: 7/23/1944

Sheet Call List
A1: Record Date | B1: Name | C1: Gender | D1: Birthday | E1: Phone Number | F1: Count
A2: 38469 | B2: Aili Whitewood | C2: Female | D2: 1/9/1959 | E2: 362-012-7362 | F2: =COUNTIF(tblCallList[[#Headers],[Name]]:tblCallList[[#This Row],[Name]],tblCallList[[#This Row],[Name]]) -> 1
A3: 38679 | B3: Aili Whitewood | C3: Female | D3: 1/9/1959 | E3: 831-707-3393 | F3: =COUNTIF(tblCallList[[#Headers],[Name]]:tblCallList[[#This Row],[Name]],tblCallList[[#This Row],[Name]]) -> 2
A4: 39118 | B4: Aili Whitewood | C4: Female | D4: 1/9/1959 | E4: 424-134-4173 | F4: =COUNTIF(tblCallList[[#Headers],[Name]]:tblCallList[[#This Row],[Name]],tblCallList[[#This Row],[Name]]) -> 3
A5: 39261 | B5: Aili Whitewood | C5: Female | D5: 1/9/1959 | E5: 378-188-7942 | F5: =COUNTIF(tblCallList[[#Headers],[Name]]:tblCallList[[#This Row],[Name]],tblCallList[[#This Row],[Name]]) -> 4
A6: 38353 | B6: Alasdair Scalera | C6: Male | D6: 7/30/1991 | E6: 261-411-0398 | F6: =COUNTIF(tblCallList[[#Headers],[Name]]:tblCallList[[#This Row],[Name]],tblCallList[[#This Row],[Name]]) -> 1
A7: 38662 | B7: Alasdair Scalera | C7: Male | D7: 7/30/1991 | E7: 300-072-0537 | F7: =COUNTIF(tblCallList[[#Headers],[Name]]:tblCallList[[#This Row],[Name]],tblCallList[[#This Row],[Name]]) -> 2
A8: 38826 | B8: Alasdair Scalera | C8: Male | D8: 7/30/1991 | E8: 985-614-3828 | F8: =COUNTIF(tblCallList[[#Headers],[Name]]:tblCallList[[#This Row],[Name]],tblCallList[[#This Row],[Name]]) -> 3
A9: 38859 | B9: Alasdair Scalera | C9: Male | D9: 7/30/1991 | E9: 363-230-2523 | F9: =COUNTIF(tblCallList[[#Headers],[Name]]:tblCallList[[#This Row],[Name]],tblCallList[[#This Row],[Name]]) -> 4
A10: 38625 | B10: Alister Romera | C10: Male | D10: 12/9/1957 | E10: 575-230-1870 | F10: =COUNTIF(tblCallList[[#Headers],[Name]]:tblCallList[[#This Row],[Name]],tblCallList[[#This Row],[Name]]) -> 1
A11: 38640 | B11: Alister Romera | C11: Male | D11: 12/9/1957 | E11: 593-077-6909 | F11: =COUNTIF(tblCallList[[#Headers],[Name]]:tblCallList[[#This Row],[Name]],tblCallList[[#This Row],[Name]]) -> 2
A12: 38669 | B12: Alister Romera | C12: Male | D12: 12/9/1957 | E12: 246-289-6600 | F12: =COUNTIF(tblCallList[[#Headers],[Name]]:tblCallList[[#This Row],[Name]],tblCallList[[#This Row],[Name]]) -> 3
A13: 38777 | B13: Alister Romera | C13: Male | D13: 12/9/1957 | E13: 430-841-5944 | F13: =COUNTIF(tblCallList[[#Headers],[Name]]:tblCallList[[#This Row],[Name]],tblCallList[[#This Row],[Name]]) -> 4
... A231: 38586 | B231: Zerk Bridie | C231: Male | D231: 7/23/1944 | E231: 857-221-4483 | F231: =COUNTIF(tblCallList[[#Headers],[Name]]:tblCallList[[#This Row],[Name]],tblCallList[[#This Row],[Name]]) -> 2

Sheet Return Multiple Results
A1: Lookup Formula to Return Multiple Results
A2: Table of Contents
A3: Name | B3: Phone Numbers
A4: Elvera Tschiersch | B4: {=_xlfn.TEXTJOIN(" || ",TRUE,_xlfn._xlws.FILTER(tblCallList[Phone Number],tblCallList[Name]='Return Multiple Results'!A4))} -> 481-707-2783 || 945-674-9572 | D4: {=TRANSPOSE(_xlfn._xlws.FILTER(tblCallList[Phone Number],tblCallList[Name]='Return Multiple Results'!A4))} -> 481-707-2783 | E4: 945-674-9572
A5: Daffie Filkov | B5: {=_xlfn.TEXTJOIN(" || ",TRUE,_xlfn._xlws.FILTER(tblCallList[Phone Number],tblCallList[Name]='Return Multiple Results'!A5))} -> 396-821-9400 | D5: {=TRANSPOSE(_xlfn._xlws.FILTER(tblCallList[Phone Number],tblCallList[Name]='Return Multiple Results'!A5))} -> 396-821-9400
A6: Maurise Tait | B6: {=_xlfn.TEXTJOIN(" || ",TRUE,_xlfn._xlws.FILTER(tblCallList[Phone Number],tblCallList[Name]='Return Multiple Results'!A6))} -> 966-249-6456 || 228-147-3843 | D6: {=TRANSPOSE(_xlfn._xlws.FILTER(tblCallList[Phone Number],tblCallList[Name]='Return Multiple Results'!A6))} -> 966-249-6456 | E6: 228-147-3843
A7: Prentiss Huckleby | B7: {=_xlfn.TEXTJOIN(" || ",TRUE,_xlfn._xlws.FILTER(tblCallList[Phone Number],tblCallList[Name]='Return Multiple Results'!A7))} -> 547-519-0216 || 487-882-2023 | D7: {=TRANSPOSE(_xlfn._xlws.FILTER(tblCallList[Phone Number],tblCallList[Name]='Return Multiple Results'!A7))} -> 547-519-0216 | E7: 487-882-2023
A8: Graehme Hugin | B8: {=_xlfn.TEXTJOIN(" || ",TRUE,_xlfn._xlws.FILTER(tblCallList[Phone Number],tblCallList[Name]='Return Multiple Results'!A8))} -> 401-646-5171 || 366-968-8438 | D8: {=TRANSPOSE(_xlfn._xlws.FILTER(tblCallList[Phone Number],tblCallList[Name]='Return Multiple Results'!A8))} -> 401-646-5171 | E8: 366-968-8438
A9: Nathanael Walters | B9: {=_xlfn.TEXTJOIN(" || ",TRUE,_xlfn._xlws.FILTER(tblCallList[Phone Number],tblCallList[Name]='Return Multiple Results'!A9))} -> 287-094-1595 | D9: {=TRANSPOSE(_xlfn._xlws.FILTER(tblCallList[Phone Number],tblCallList[Name]='Return Multiple Results'!A9))} -> 287-094-1595
A10: Erik Highnam | B10: {=_xlfn.TEXTJOIN(" || ",TRUE,_xlfn._xlws.FILTER(tblCallList[Phone Number],tblCallList[Name]='Return Multiple Results'!A10))} -> 730-144-6409 || 270-293-0276 | D10: {=TRANSPOSE(_xlfn._xlws.FILTER(tblCallList[Phone Number],tblCallList[Name]='Return Multiple Results'!A10))} -> 730-144-6409 | E10: 270-293-0276
A11: Sapphire Leere | B11: {=_xlfn.TEXTJOIN(" || ",TRUE,_xlfn._xlws.FILTER(tblCallList[Phone Number],tblCallList[Name]='Return Multiple Results'!A11))} -> 708-678-1892 || 981-937-8103 | D11: {=TRANSPOSE(_xlfn._xlws.FILTER(tblCallList[Phone Number],tblCallList[Name]='Return Multiple Results'!A11))} -> 708-678-1892 | E11: 981-937-8103
A12: Gloriane Sainthill | B12: {=_xlfn.TEXTJOIN(" || ",TRUE,_xlfn._xlws.FILTER(tblCallList[Phone Number],tblCallList[Name]='Return Multiple Results'!A12))} -> 857-416-8905 || 807-796-9800 | D12: {=TRANSPOSE(_xlfn._xlws.FILTER(tblCallList[Phone Number],tblCallList[Name]='Return Multiple Results'!A12))} -> 857-416-8905 | E12: 807-796-9800
A13: Clerc Franscioni | B13: {=_xlfn.TEXTJOIN(" || ",TRUE,_xlfn._xlws.FILTER(tblCallList[Phone Number],tblCallList[Name]='Return Multiple Results'!A13))} -> 775-197-2262 || 357-388-2606 || 825-966-0319 | D13: {=TRANSPOSE(_xlfn._xlws.FILTER(tblCallList[Phone Number],tblCallList[Name]='Return Multiple Results'!A13))} -> 775-197-2262 | E13: 357-388-2606 | F13: 825-966-0319
A14: Erick Westgate | B14: {=_xlfn.TEXTJOIN(" || ",TRUE,_xlfn._xlws.FILTER(tblCallList[Phone Number],tblCallList[Name]='Return Multiple Results'!A14))} -> 492-260-1994 || 604-152-5690 | D14: {=TRANSPOSE(_xlfn._xlws.FILTER(tblCallList[Phone Number],tblCallList[Name]='Return Multiple Results'!A14))} -> 492-260-1994 | E14: 604-152-5690
A15: Saunders Beeby | B15: {=_xlfn.TEXTJOIN(" || ",TRUE,_xlfn._xlws.FILTER(tblCallList[Phone Number],tblCallList[Name]='Return Multiple Results'!A15))} -> 745-519-9192 || 482-082-3435 | D15: {=TRANSPOSE(_xlfn._xlws.FILTER(tblCallList[Phone Number],tblCallList[Name]='Return Multiple Results'!A15))} -> 745-519-9192 | E15: 482-082-3435
A16: Lonni Hubbart | B16: {=_xlfn.TEXTJOIN(" || ",TRUE,_xlfn._xlws.FILTER(tblCallList[Phone Number],tblCallList[Name]='Return Multiple Results'!A16))} -> 712-014-1729 || 877-067-7627 | D16: {=TRANSPOSE(_xlfn._xlws.FILTER(tblCallList[Phone Number],tblCallList[Name]='Return Multiple Results'!A16))} -> 712-014-1729 | E16: 877-067-7627
A17: Christoforo Zeale | B17: {=_xlfn.TEXTJOIN(" || ",TRUE,_xlfn._xlws.FILTER(tblCallList[Phone Number],tblCallList[Name]='Return Multiple Results'!A17))} -> 935-730-8419 || 905-816-6099 || 679-432-5737 | D17: {=TRANSPOSE(_xlfn._xlws.FILTER(tblCallList[Phone Number],tblCallList[Name]='Return Multiple Results'!A17))} -> 935-730-8419 | E17: 905-816-6099 | F17: 679-432-5737

Sheet Calendar Table with Sequence
A1: Calendar Table with Sequence
A2: Table of Contents
A3: Start Date | B3: 42005
A4: End Date | B4: 44196
A5: Days | B5: =(B4-B3)+1 -> 2192
A7: Date | B7: Year | C7: Month | D7: Weekday | G7: Date | H7: Year | I7: Month | J7: Weekday
A8: {=_xlfn.SEQUENCE(B5,1,B3,1)} -> 42005 | B8: {=YEAR(_xlfn.ANCHORARRAY(A8))} -> 2015 | C8: {=TEXT(_xlfn.ANCHORARRAY(A8),"mmm")} -> Jan | D8: {=TEXT(_xlfn.ANCHORARRAY(A8),"ddd")} -> Thu | G8: 42005 | H8: 2015 | I8: Jan | J8: Thu
A9: 42006 | B9: 2015 | C9: Jan | D9: Fri | G9: 42006 | H9: 2015 | I9: Jan | J9: Fri
A10: 42007 | B10: 2015 | C10: Jan | D10: Sat | G10: 42007 | H10: 2015 | I10: Jan | J10: Sat
A11: 42008 | B11: 2015 | C11: Jan | D11: Sun | G11: 42008 | H11: 2015 | I11: Jan | J11: Sun
A12: 42009 | B12: 2015 | C12: Jan | D12: Mon | G12: 42009 | H12: 2015 | I12: Jan | J12: Mon
A13: 42010 | B13: 2015 | C13: Jan | D13: Tue | G13: 42010 | H13: 2015 | I13: Jan | J13: Tue
A14: 42011 | B14: 2015 | C14: Jan | D14: Wed | G14: 42011 | H14: 2015 | I14: Jan | J14: Wed
A15: 42012 | B15: 2015 | C15: Jan | D15: Thu | G15: 42012 | H15: 2015 | I15: Jan | J15: Thu
A16: 42013 | B16: 2015 | C16: Jan | D16: Fri | G16: 42013 | H16: 2015 | I16: Jan | J16: Fri
A17: 42014 | B17: 2015 | C17: Jan | D17: Sat | G17: 42014 | H17: 2015 | I17: Jan | J17: Sat
A18: 42015 | B18: 2015 | C18: Jan | D18: Sun | G18: 42015 | H18: 2015 | I18: Jan | J18: Sun
A19: 42016 | B19: 2015 | C19: Jan | D19: Mon | G19: 42016 | H19: 2015 | I19: Jan | J19: Mon
A20: 42017 | B20: 2015 | C20: Jan | D20: Tue | G20: 42017 | H20: 2015 | I20: Jan | J20: Tue
... A2199: 44196 | B2199: 2020 | C2199: Dec | D2199: Thu | G2199: 44196 | H2199: 2020 | I2199: Dec | J2199: Thu

Sheet Month View Calendar
A1: Month View Calendar with SEQUENCE
A2: Table of Contents
B3: First Day: | C3: =DATE(C6,C7,1) -> 44256
B4: Weeks: | C4: =WEEKNUM(EOMONTH(C3,0))-WEEKNUM(C3)+1 -> 5 | M4: Years | N4: Months
M5: {=_xlfn.SEQUENCE(20,,2010)} -> 2010 | N5: {=_xlfn.SEQUENCE(12)} -> 1
B6: Year: | C6: 2021 | M6: 2011 | N6: 2
B7: Month: | C7: 3 | M7: 2012 | N7: 3
M8: 2013 | N8: 4
C9: {=_xlfn.SEQUENCE(1,7)} -> 1 | D9: 2 | E9: 3 | F9: 4 | G9: 5 | H9: 6 | I9: 7 | M9: 2014 | N9: 5
C10: {=_xlfn.SEQUENCE(C4,7,IF(WEEKDAY(C3)=1,C3,C3-WEEKDAY(C3)+1),1)} -> 44255 | D10: 44256 | E10: 44257 | F10: 44258 | G10: 44259 | H10: 44260 | I10: 44261 | M10: 2015 | N10: 6
C11: 44262 | D11: 44263 | E11: 44264 | F11: 44265 | G11: 44266 | H11: 44267 | I11: 44268 | M11: 2016 | N11: 7
C12: 44269 | D12: 44270 | E12: 44271 | F12: 44272 | G12: 44273 | H12: 44274 | I12: 44275 | M12: 2017 | N12: 8
C13: 44276 | D13: 44277 | E13: 44278 | F13: 44279 | G13: 44280 | H13: 44281 | I13: 44282 | M13: 2018 | N13: 9
C14: 44283 | D14: 44284 | E14: 44285 | F14: 44286 | G14: 44287 | H14: 44288 | I14: 44289 | M14: 2019 | N14: 10
M15: 2020 | N15: 11
M16: 2021 | N16: 12
M17: 2022
M18: 2023
M19: 2024
M20: 2025
M21: 2026
M22: 2027
M23: 2028
M24: 2029

Sheet Month View Calendar Practice
A1: Month View Calendar with SEQUENCE
A2: Table of Contents
B3: First Day: | C3: =DATE(C6,C7,1) -> 44197
B4: Weeks: | C4: =WEEKNUM(EOMONTH(C3,0))-WEEKNUM(C3)+1 -> 6 | M4: Years | N4: Months
M5: {=_xlfn.SEQUENCE(20,,2010)} -> 2010 | N5: {=_xlfn.SEQUENCE(12)} -> 1
B6: Year: | C6: 2021 | M6: 2011 | N6: 2
B7: Month: | C7: 1 | M7: 2012 | N7: 3
M8: 2013 | N8: 4
C9: {=_xlfn.SEQUENCE(1,7)} -> 1 | D9: 2 | E9: 3 | F9: 4 | G9: 5 | H9: 6 | I9: 7 | M9: 2014 | N9: 5
C10: {=_xlfn.SEQUENCE(C4,7,IF(WEEKDAY(C3)=1,C3,C3-WEEKDAY(C3)+1),1)} -> 44192 | D10: 44193 | E10: 44194 | F10: 44195 | G10: 44196 | H10: 44197 | I10: 44198 | M10: 2015 | N10: 6
C11: 44199 | D11: 44200 | E11: 44201 | F11: 44202 | G11: 44203 | H11: 44204 | I11: 44205 | M11: 2016 | N11: 7
C12: 44206 | D12: 44207 | E12: 44208 | F12: 44209 | G12: 44210 | H12: 44211 | I12: 44212 | M12: 2017 | N12: 8
C13: 44213 | D13: 44214 | E13: 44215 | F13: 44216 | G13: 44217 | H13: 44218 | I13: 44219 | M13: 2018 | N13: 9
C14: 44220 | D14: 44221 | E14: 44222 | F14: 44223 | G14: 44224 | H14: 44225 | I14: 44226 | M14: 2019 | N14: 10
C15: 44227 | D15: 44228 | E15: 44229 | F15: 44230 | G15: 44231 | H15: 44232 | I15: 44233 | M15: 2020 | N15: 11
M16: 2021 | N16: 12
M17: 2022
M18: 2023
M19: 2024
M20: 2025
M21: 2026
M22: 2027
M23: 2028
M24: 2029

Sheet Seating Chart
A1: Seating Chart
A2: Table of Contents
A3: Name | C3: Total Count | D3: =COUNTA(tblSeating[Name]) -> 71
A4: Laney Harradine | C4: Seats per row | D4: 7
A5: Noella Jurn | C5: Rows | D5: =ROUNDUP(D3/D4,0) -> 11
A6: Rutledge Mousby
A7: Leyla Clewarth | C7: Seating Chart
A8: Christina Brierton | C8: {=IFERROR(INDEX(tblSeating[Name],_xlfn.SEQUENCE(D5,D4)),"OPEN")} -> Laney Harradine | D8: Noella Jurn | E8: Rutledge Mousby | F8: Leyla Clewarth | G8: Christina Brierton | H8: Arri Lie | I8: Phillis Batcock
A9: Arri Lie | C9: Clarance Butler | D9: Andrea Longcaster | E9: Mabelle Pace | F9: Colver Baybutt | G9: Jarib Insoll | H9: Catie Leinster | I9: Jacquenette Presnail
A10: Phillis Batcock | C10: Sada Ashenhurst | D10: Modestine Pauls | E10: Lorrayne Belsher | F10: Jobie Steabler | G10: Millard Cowndley | H10: Findlay Miskelly | I10: Robbin Buckles
A11: Clarance Butler | C11: Mac Elcombe | D11: Ethe Baudasso | E11: Ramsay Tallow | F11: Delphinia Wadlow | G11: Debor Smedmoor | H11: Cchaddie Craker | I11: Seka Hessle
A12: Andrea Longcaster | C12: Briny Nower | D12: Alano Pearcey | E12: Windy Taveriner | F12: Quinton Stute | G12: Genevra Gutowski | H12: Cleopatra Smyth | I12: Mable Doddridge
A13: Mabelle Pace | C13: Eric Dyzart | D13: Jessalin Maleby | E13: Arron Render | F13: Ezmeralda De Dei | G13: Jacenta Duck | H13: Rhetta Wollard | I13: Daryl Bedle
A14: Colver Baybutt | C14: Wayne Karpov | D14: Giulia Orta | E14: Barbee Jerdan | F14: Erin Counter | G14: Nanon Lattka | H14: Immanuel Abramov | I14: Maryjo Covert
A15: Jarib Insoll | C15: Homere Galpen | D15: Ashleigh Thickett | E15: Kristian Meeson | F15: Donia Renny | G15: Jeanna Giovannacci | H15: Gareth Larsen | I15: Timmi Kasparski
A16: Catie Leinster | C16: Viviyan Simenon | D16: Luca Vella | E16: Stu Wallach | F16: Helena Dray | G16: Adam Feldmark | H16: Raimundo Hambridge | I16: Arne Trahar
A17: Jacquenette Presnail | C17: Hadlee MacCleay | D17: Inessa Hazard | E17: Ivy Tattersdill | F17: Filide Wakelin | G17: Rochester Oehm | H17: Corrie Wray | I17: Roby Annable
A18: Sada Ashenhurst | C18: Gerald Pinfold | D18: OPEN | E18: OPEN | F18: OPEN | G18: OPEN | H18: OPEN | I18: OPEN
A19: Modestine Pauls
A20: Lorrayne Belsher
A21: Jobie Steabler
A22: Millard Cowndley
A23: Findlay Miskelly
A24: Robbin Buckles
A25: Mac Elcombe
A26: Ethe Baudasso
A27: Ramsay Tallow
A28: Delphinia Wadlow
A29: Debor Smedmoor
A30: Cchaddie Craker
... A74: Gerald Pinfold

Sheet Random Seating Chart
A1: Random Seating Chart
A2: Table of Contents
A3: Name | D3: Total Count | E3: =COUNTA(tblRndSeating[Name]) -> 150
A4: Laney Harradine | D4: Seats per row | E4: 5
A5: Noella Jurn | D5: Rows | E5: =ROUNDUP(E3/E4,0) -> 30
A6: Rutledge Mousby
A7: Leyla Clewarth | D7: Seating Chart
A8: Christina Brierton | D8: {=IFERROR(INDEX(_xlfn.SORTBY(tblRndSeating[Name],_xlfn.RANDARRAY(E3)),_xlfn.SEQUENCE(E5,E4)),"")} -> Tad Henniger | E8: Akim Costan | F8: Winn Slorach | G8: Artie Enderson | H8: Ramsay Tallow
A9: Arri Lie | D9: Cairistiona Bartaloni | E9: Laney Harradine | F9: Lianna Backen | G9: Lothaire Tremolieres | H9: Sergeant Aishford
A10: Phillis Batcock | D10: Robbi Pykerman | E10: Jobie Steabler | F10: Harley Attwoul | G10: Arne Trahar | H10: Neale Robb
A11: Clarance Butler | D11: Christina Brierton | E11: Abby Ivanenko | F11: Roby Annable | G11: Gwenette Cheak | H11: Margy Dunnan
A12: Andrea Longcaster | D12: Dorrie Muldowney | E12: Bibby Ibbett | F12: Timmi Kasparski | G12: Lorrayne Belsher | H12: Ivy Tattersdill
A13: Mabelle Pace | D13: Margarette Lavalde | E13: Giulia Orta | F13: Shani Lorant | G13: Thorvald Phinnis | H13: Melessa Driver
A14: Colver Baybutt | D14: Lil Heis | E14: Joey Ogbourne | F14: Cleopatra Smyth | G14: Chelsey Smalridge | H14: Perice Hanvey
A15: Jarib Insoll | D15: Sada Ashenhurst | E15: Gerald Pinfold | F15: Viviyan Simenon | G15: Debor Smedmoor | H15: Reba Cobbing
A16: Catie Leinster | D16: Dominique Cawthry | E16: Nissa Doveston | F16: Noella Jurn | G16: Boothe Heiss | H16: Fredi Hullbrook
A17: Jacquenette Presnail | D17: Ole Gergher | E17: Arri Lie | F17: Valentine Boswell | G17: Delphinia Wadlow | H17: Ashleigh Thickett
A18: Sada Ashenhurst | D18: Decca Sapey | E18: Mable Doddridge | F18: Kristian Meeson | G18: Immanuel Abramov | H18: Turner Sharrard
A19: Modestine Pauls | D19: Colver Baybutt | E19: Daryl Bedle | F19: Luca Vella | G19: Helena Dray | H19: Ethe Baudasso
A20: Lorrayne Belsher | D20: Findlay Miskelly | E20: Savina Vann | F20: Filide Wakelin | G20: Jacenta Duck | H20: Essa Zeale
... A37: Cleopatra Smyth | D37: Hal Avraham | E37: Michale Kopp | F37: Gaspar Kohen | G37: Stacey Dalgarno | H37: Mac Elcombe
A38: Mable Doddridge
A39: Eric Dyzart
A40: Jessalin Maleby
A41: Arron Render
A42: Ezmeralda De Dei
A43: Jacenta Duck
A44: Rhetta Wollard
A45: Daryl Bedle
A46: Wayne Karpov
A47: Giulia Orta
A48: Barbee Jerdan
A49: Erin Counter
... A153: Lowe Richardin

Sheet Seating Chart by Grade
A1: Seating Chart by Grade
A2: Table of Contents
A3: Name | B3: Score | F3: Total Count | G3: =COUNTA(tblSeatingGrd[Name]) -> 150
A4: Laney Harradine | B4: 83 | D4: {=tblSeatingGrd[Name]&" - "&tblSeatingGrd[Score]} -> Laney Harradine - 83 | F4: Seats per row | G4: 7
A5: Noella Jurn | B5: 63 | D5: Noella Jurn - 63 | F5: Rows | G5: =ROUNDUP(G3/G4,0) -> 22
A6: Rutledge Mousby | B6: 60 | D6: Rutledge Mousby - 60
A7: Leyla Clewarth | B7: 80 | D7: Leyla Clewarth - 80 | F7: Seating Chart
A8: Christina Brierton | B8: 97 | D8: Christina Brierton - 97 | F8: {=IFERROR(INDEX(_xlfn.SORTBY(tblSeatingGrd[Name]&" ("&tblSeatingGrd[Score]&")",tblSeatingGrd[Score],-1),_xlfn.SEQUENCE(G5,G4)),"")} -> Melantha Greir (100) | G8: Ginger Olek (99) | H8: Immanuel Abramov (98) | I8: Gaspar Kohen (98) | J8: Nissa Doveston (98) | K8: Christina Brierton (97) | L8: Ramsay Tallow (97)
A9: Arri Lie | B9: 92 | D9: Arri Lie - 92 | F9: Quinton Stute (97) | G9: Hadlee MacCleay (97) | H9: Madelena Offin (97) | I9: Joey Ogbourne (97) | J9: Decca Sapey (97) | K9: Bern Bowskill (97) | L9: Colver Baybutt (96)
A10: Phillis Batcock | B10: 81 | D10: Phillis Batcock - 81 | F10: Ezmeralda De Dei (96) | G10: Ivy Tattersdill (96) | H10: Chelsey Smalridge (96) | I10: Gwenette Cheak (96) | J10: Wayne Karpov (95) | K10: Perice Hanvey (95) | L10: Roselle Haggarth (95)
A11: Clarance Butler | B11: 43 | D11: Clarance Butler - 43 | F11: Bonnee Schanke (93) | G11: Arri Lie (92) | H11: Maryjo Covert (92) | I11: Theobald Owens (92) | J11: Carlita Caccavari (92) | K11: Lowe Richardin (92) | L11: Jarib Insoll (91)
A12: Andrea Longcaster | B12: 87 | D12: Andrea Longcaster - 87 | F12: Stacey Dalgarno (91) | G12: Gerald Pinfold (90) | H12: Lorrayne Belsher (89) | I12: Arron Render (88) | J12: Lil Heis (88) | K12: Janet Dearnley (88) | L12: Andrea Longcaster (87)
A13: Mabelle Pace | B13: 51 | D13: Mabelle Pace - 51 | F13: Jeanna Giovannacci (87) | G13: Inessa Hazard (87) | H13: Cairistiona Bartaloni (87) | I13: Sergeant Aishford (87) | J13: Boothe Heiss (87) | K13: Helena Dray (86) | L13: Lorine Roubeix (86)
A14: Colver Baybutt | B14: 96 | D14: Colver Baybutt - 96 | F14: Briny Nower (85) | G14: Mable Doddridge (84) | H14: Abby Ivanenko (84) | I14: Laney Harradine (83) | J14: Phillis Batcock (81) | K14: Catie Leinster (81) | L14: Vallie Hounson (81)
A15: Jarib Insoll | B15: 91 | D15: Jarib Insoll - 91 | F15: Akim Costan (81) | G15: Roseanna Grund (81) | H15: Leyla Clewarth (80) | I15: Sada Ashenhurst (80) | J15: Eal Casella (80) | K15: Robbin Buckles (79) | L15: Shirlee Ingliss (79)
A16: Catie Leinster | B16: 81 | D16: Catie Leinster - 81 | F16: Mac Elcombe (77) | G16: Cchaddie Craker (76) | H16: Genevra Gutowski (76) | I16: Isidro Etherington (76) | J16: Turner Sharrard (76) | K16: Robbi Pykerman (76) | L16: Findlay Miskelly (75)
A17: Jacquenette Presnail | B17: 34 | D17: Jacquenette Presnail - 34 | F17: Stu Wallach (75) | G17: Marmaduke Dubarry (75) | H17: Margarette Lavalde (75) | I17: Ashleigh Thickett (74) | J17: Savina Vann (74) | K17: Giulia Orta (73) | L17: Donia Renny (73)
A18: Sada Ashenhurst | B18: 80 | D18: Sada Ashenhurst - 80 | F18: Ozzie Mangenot (73) | G18: Jessalin Maleby (72) | H18: Price Smitherham (72) | I18: Tad Henniger (72) | J18: Ezra Grainger (69) | K18: Timmi Kasparski (68) | L18: Selie Reddington (68)
A19: Modestine Pauls | B19: 58 | D19: Modestine Pauls - 58 | F19: Alano Pearcey (67) | G19: Valentine Boswell (67) | H19: Windy Taveriner (66) | I19: Daryl Bedle (66) | J19: Bibby Ibbett (66) | K19: Filide Wakelin (65) | L19: Noella Jurn (63)
A20: Lorrayne Belsher | B20: 89 | D20: Lorrayne Belsher - 89 | F20: Eric Dyzart (63) | G20: Gareth Larsen (63) | H20: Arne Trahar (61) | I20: Russell Wonfor (61) | J20: Artie Enderson (61) | K20: Rutledge Mousby (60) | L20: Millard Cowndley (60)
... A28: Delphinia Wadlow | B28: 46 | D28: Delphinia Wadlow - 46 | F28: Viviyan Simenon (35) | G28: Jacquenette Presnail (34) | H28: Deeyn Pontain (33) | I28: Barbee Jerdan (32) | J28: Nanon Lattka (32) | K28: Raimundo Hambridge (32) | L28: Ole Gergher (32)
A29: Debor Smedmoor | B29: 38 | D29: Debor Smedmoor - 38 | F29: Marigold Dobrowski (31) | G29: Winn Slorach (30) | H29: Nelson Petracek (30)
A30: Cchaddie Craker | B30: 76 | D30: Cchaddie Craker - 76
A31: Seka Hessle | B31: 45 | D31: Seka Hessle - 45
A32: Briny Nower | B32: 85 | D32: Briny Nower - 85
A33: Alano Pearcey | B33: 67 | D33: Alano Pearcey - 67
A34: Windy Taveriner | B34: 66 | D34: Windy Taveriner - 66
A35: Quinton Stute | B35: 97 | D35: Quinton Stute - 97
A36: Genevra Gutowski | B36: 76 | D36: Genevra Gutowski - 76
A37: Cleopatra Smyth | B37: 37 | D37: Cleopatra Smyth - 37
A38: Mable Doddridge | B38: 84 | D38: Mable Doddridge - 84
A39: Eric Dyzart | B39: 63 | D39: Eric Dyzart - 63
A40: Jessalin Maleby | B40: 72 | D40: Jessalin Maleby - 72
A41: Arron Render | B41: 88 | D41: Arron Render - 88
... A153: Lowe Richardin | B153: 92 | D153: Lowe Richardin - 92

Sheet Seating Chart Alt Genders
A1: Seating Chart - Alternate Genders
A2: Table of Contents
A3: Name | B3: Gender | C3: Sort | E3: Total Count | F3: 150
A4: Eadie Tancock | B4: Female | C4: =COUNTIF(tblSeatingG[[#Headers],[Gender]]:tblSeatingG[[#This Row],[Gender]],tblSeatingG[[#This Row],[Gender]])+IF(tblSeatingG[[#This Row],[Gender]]="Male",0.5,0) -> 1 | E4: Seats per row | F4: 4
A5: Ronda Standen | B5: Female | C5: =COUNTIF(tblSeatingG[[#Headers],[Gender]]:tblSeatingG[[#This Row],[Gender]],tblSeatingG[[#This Row],[Gender]])+IF(tblSeatingG[[#This Row],[Gender]]="Male",0.5,0) -> 2 | E5: Rows | F5: =ROUNDUP(F3/F4,0) -> 38
A6: Isabelita Trevena | B6: Female | C6: =COUNTIF(tblSeatingG[[#Headers],[Gender]]:tblSeatingG[[#This Row],[Gender]],tblSeatingG[[#This Row],[Gender]])+IF(tblSeatingG[[#This Row],[Gender]]="Male",0.5,0) -> 3
A7: Freemon Kemmer | B7: Male | C7: =COUNTIF(tblSeatingG[[#Headers],[Gender]]:tblSeatingG[[#This Row],[Gender]],tblSeatingG[[#This Row],[Gender]])+IF(tblSeatingG[[#This Row],[Gender]]="Male",0.5,0) -> 1.5 | E7: Seating Chart
A8: Rolph Seman | B8: Male | C8: =COUNTIF(tblSeatingG[[#Headers],[Gender]]:tblSeatingG[[#This Row],[Gender]],tblSeatingG[[#This Row],[Gender]])+IF(tblSeatingG[[#This Row],[Gender]]="Male",0.5,0) -> 2.5 | E8: {=IFERROR(INDEX(_xlfn.SORTBY(tblSeatingG[Name]&" ("&LEFT(tblSeatingG[Gender],1)&")",tblSeatingG[Sort]),_xlfn.SEQUENCE(F5,F4)),"EMPTY")} -> Eadie Tancock (F) | F8: Freemon Kemmer (M) | G8: Ronda Standen (F) | H8: Rolph Seman (M)
A9: Ivett Hearley | B9: Female | C9: =COUNTIF(tblSeatingG[[#Headers],[Gender]]:tblSeatingG[[#This Row],[Gender]],tblSeatingG[[#This Row],[Gender]])+IF(tblSeatingG[[#This Row],[Gender]]="Male",0.5,0) -> 4 | E9: Isabelita Trevena (F) | F9: Arne Fellgate (M) | G9: Ivett Hearley (F) | H9: Bernardo Forster (M)
A10: Arne Fellgate | B10: Male | C10: =COUNTIF(tblSeatingG[[#Headers],[Gender]]:tblSeatingG[[#This Row],[Gender]],tblSeatingG[[#This Row],[Gender]])+IF(tblSeatingG[[#This Row],[Gender]]="Male",0.5,0) -> 3.5 | E10: Carolan Scowcroft (F) | F10: Friedrick Evemy (M) | G10: Bride Sailes (F) | H10: Cirillo Stoade (M)
A11: Bernardo Forster | B11: Male | C11: =COUNTIF(tblSeatingG[[#Headers],[Gender]]:tblSeatingG[[#This Row],[Gender]],tblSeatingG[[#This Row],[Gender]])+IF(tblSeatingG[[#This Row],[Gender]]="Male",0.5,0) -> 4.5 | E11: Ebony Lippatt (F) | F11: Lydon Wayon (M) | G11: Shawna Ledgley (F) | H11: Egan Haldene (M)
A12: Carolan Scowcroft | B12: Female | C12: =COUNTIF(tblSeatingG[[#Headers],[Gender]]:tblSeatingG[[#This Row],[Gender]],tblSeatingG[[#This Row],[Gender]])+IF(tblSeatingG[[#This Row],[Gender]]="Male",0.5,0) -> 5 | E12: Rodie Vaughton (F) | F12: Armando Muscroft (M) | G12: Lorrin Spadotto (F) | H12: Glen Caseri (M)
A13: Bride Sailes | B13: Female | C13: =COUNTIF(tblSeatingG[[#Headers],[Gender]]:tblSeatingG[[#This Row],[Gender]],tblSeatingG[[#This Row],[Gender]])+IF(tblSeatingG[[#This Row],[Gender]]="Male",0.5,0) -> 6 | E13: Beatrix Cutchee (F) | F13: Normie Parbrook (M) | G13: Cherise St Quenin (F) | H13: Dore Russam (M)
A14: Ebony Lippatt | B14: Female | C14: =COUNTIF(tblSeatingG[[#Headers],[Gender]]:tblSeatingG[[#This Row],[Gender]],tblSeatingG[[#This Row],[Gender]])+IF(tblSeatingG[[#This Row],[Gender]]="Male",0.5,0) -> 7 | E14: Jonis Earry (F) | F14: Benoit Hastilow (M) | G14: Billy Rozenbaum (F) | H14: Sherman Fevier (M)
A15: Shawna Ledgley | B15: Female | C15: =COUNTIF(tblSeatingG[[#Headers],[Gender]]:tblSeatingG[[#This Row],[Gender]],tblSeatingG[[#This Row],[Gender]])+IF(tblSeatingG[[#This Row],[Gender]]="Male",0.5,0) -> 8 | E15: Caressa Okie (F) | F15: Cesare McGreary (M) | G15: Lynelle Grisard (F) | H15: Ralph Treasaden (M)
A16: Friedrick Evemy | B16: Male | C16: =COUNTIF(tblSeatingG[[#Headers],[Gender]]:tblSeatingG[[#This Row],[Gender]],tblSeatingG[[#This Row],[Gender]])+IF(tblSeatingG[[#This Row],[Gender]]="Male",0.5,0) -> 5.5 | E16: Milli Budcock (F) | F16: Perceval Rosin (M) | G16: Penni Foreman (F) | H16: Peder Hedingham (M)
A17: Cirillo Stoade | B17: Male | C17: =COUNTIF(tblSeatingG[[#Headers],[Gender]]:tblSeatingG[[#This Row],[Gender]],tblSeatingG[[#This Row],[Gender]])+IF(tblSeatingG[[#This Row],[Gender]]="Male",0.5,0) -> 6.5 | E17: Alvera Lobbe (F) | F17: Ripley Nawton (M) | G17: Emmalyn Kinane (F) | H17: Clywd Swyre (M)
A18: Lydon Wayon | B18: Male | C18: =COUNTIF(tblSeatingG[[#Headers],[Gender]]:tblSeatingG[[#This Row],[Gender]],tblSeatingG[[#This Row],[Gender]])+IF(tblSeatingG[[#This Row],[Gender]]="Male",0.5,0) -> 7.5 | E18: Crin Caress (F) | F18: Gerick Raecroft (M) | G18: Ardath Giacubo (F) | H18: Humberto Schultheiss (M)
A19: Rodie Vaughton | B19: Female | C19: =COUNTIF(tblSeatingG[[#Headers],[Gender]]:tblSeatingG[[#This Row],[Gender]],tblSeatingG[[#This Row],[Gender]])+IF(tblSeatingG[[#This Row],[Gender]]="Male",0.5,0) -> 9 | E19: Doria Baudins (F) | F19: Timoteo Warder (M) | G19: Bellanca Krzysztof (F) | H19: Cad Bolan (M)
A20: Egan Haldene | B20: Male | C20: =COUNTIF(tblSeatingG[[#Headers],[Gender]]:tblSeatingG[[#This Row],[Gender]],tblSeatingG[[#This Row],[Gender]])+IF(tblSeatingG[[#This Row],[Gender]]="Male",0.5,0) -> 8.5 | E20: Shoshanna Alpin (F) | F20: Ferrel Leftwich (M) | G20: Genovera Masseo (F) | H20: Eugenius Campbell-Dunlop (M)
... A45: Timoteo Warder | B45: Male | C45: =COUNTIF(tblSeatingG[[#Headers],[Gender]]:tblSeatingG[[#This Row],[Gender]],tblSeatingG[[#This Row],[Gender]])+IF(tblSeatingG[[#This Row],[Gender]]="Male",0.5,0) -> 23.5 | E45: Timothy Snodin (M) | F45: Marcelo Lube (M) | G45: EMPTY | H45: EMPTY
A46: Cad Bolan | B46: Male | C46: =COUNTIF(tblSeatingG[[#Headers],[Gender]]:tblSeatingG[[#This Row],[Gender]],tblSeatingG[[#This Row],[Gender]])+IF(tblSeatingG[[#This Row],[Gender]]="Male",0.5,0) -> 24.5
A47: Ferrel Leftwich | B47: Male | C47: =COUNTIF(tblSeatingG[[#Headers],[Gender]]:tblSeatingG[[#This Row],[Gender]],tblSeatingG[[#This Row],[Gender]])+IF(tblSeatingG[[#This Row],[Gender]]="Male",0.5,0) -> 25.5
A48: Emmalyn Kinane | B48: Female | C48: =COUNTIF(tblSeatingG[[#Headers],[Gender]]:tblSeatingG[[#This Row],[Gender]],tblSeatingG[[#This Row],[Gender]])+IF(tblSeatingG[[#This Row],[Gender]]="Male",0.5,0) -> 20
A49: Eugenius Campbell-Dunlop | B49: Male | C49: =COUNTIF(tblSeatingG[[#Headers],[Gender]]:tblSeatingG[[#This Row],[Gender]],tblSeatingG[[#This Row],[Gender]])+IF(tblSeatingG[[#This Row],[Gender]]="Male",0.5,0) -> 26.5
A50: Crin Caress | B50: Female | C50: =COUNTIF(tblSeatingG[[#Headers],[Gender]]:tblSeatingG[[#This Row],[Gender]],tblSeatingG[[#This Row],[Gender]])+IF(tblSeatingG[[#This Row],[Gender]]="Male",0.5,0) -> 21
A51: Berke Tracey | B51: Male | C51: =COUNTIF(tblSeatingG[[#Headers],[Gender]]:tblSeatingG[[#This Row],[Gender]],tblSeatingG[[#This Row],[Gender]])+IF(tblSeatingG[[#This Row],[Gender]]="Male",0.5,0) -> 27.5
A52: Ardath Giacubo | B52: Female | C52: =COUNTIF(tblSeatingG[[#Headers],[Gender]]:tblSeatingG[[#This Row],[Gender]],tblSeatingG[[#This Row],[Gender]])+IF(tblSeatingG[[#This Row],[Gender]]="Male",0.5,0) -> 22
A53: Rudiger Cullimore | B53: Male | C53: =COUNTIF(tblSeatingG[[#Headers],[Gender]]:tblSeatingG[[#This Row],[Gender]],tblSeatingG[[#This Row],[Gender]])+IF(tblSeatingG[[#This Row],[Gender]]="Male",0.5,0) -> 28.5
A54: Zedekiah Sculley | B54: Male | C54: =COUNTIF(tblSeatingG[[#Headers],[Gender]]:tblSeatingG[[#This Row],[Gender]],tblSeatingG[[#This Row],[Gender]])+IF(tblSeatingG[[#This Row],[Gender]]="Male",0.5,0) -> 29.5
A55: Doria Baudins | B55: Female | C55: =COUNTIF(tblSeatingG[[#Headers],[Gender]]:tblSeatingG[[#This Row],[Gender]],tblSeatingG[[#This Row],[Gender]])+IF(tblSeatingG[[#This Row],[Gender]]="Male",0.5,0) -> 23
A56: Bellanca Krzysztof | B56: Female | C56: =COUNTIF(tblSeatingG[[#Headers],[Gender]]:tblSeatingG[[#This Row],[Gender]],tblSeatingG[[#This Row],[Gender]])+IF(tblSeatingG[[#This Row],[Gender]]="Male",0.5,0) -> 24
A57: Christiano Sheryne | B57: Male | C57: =COUNTIF(tblSeatingG[[#Headers],[Gender]]:tblSeatingG[[#This Row],[Gender]],tblSeatingG[[#This Row],[Gender]])+IF(tblSeatingG[[#This Row],[Gender]]="Male",0.5,0) -> 30.5
... A153: Marcelo Lube | B153: Male | C153: =COUNTIF(tblSeatingG[[#Headers],[Gender]]:tblSeatingG[[#This Row],[Gender]],tblSeatingG[[#This Row],[Gender]])+IF(tblSeatingG[[#This Row],[Gender]]="Male",0.5,0) -> 80.5

Sheet Ref Multiple Spill Ranges
A1: Referencing Multiple Spill Ranges
A2: Table of Contents
A3: Start Date | B3: 42005 | M3: Weekdays
A4: End Date | B4: 44196 | I4: Weekday: | J4: Sun | M4: {=TEXT(_xlfn.SEQUENCE(7),"ddd")} -> Sun
A5: Days | B5: =(B4-B3)+1 -> 2192 | M5: Mon
M6: Tue
G7: Filter | M7: Wed
A8: Date | B8: Year | C8: Month | D8: Weekday | G8: Date | H8: Year | I8: Month | J8: Weekday | M8: Thu
A9: {=_xlfn.SEQUENCE(B5,1,B3,1)} -> 42005 | B9: {=YEAR(_xlfn.ANCHORARRAY(A9))} -> 2015 | C9: {=TEXT(_xlfn.ANCHORARRAY(A9),"mmm")} -> Jan | D9: {=TEXT(_xlfn.ANCHORARRAY(A9),"ddd")} -> Thu | G9: {=_xlfn._xlws.FILTER(_xlfn.ANCHORARRAY(A9):D9,_xlfn.ANCHORARRAY(D9)=J4)} -> 42008 | H9: 2015 | I9: Jan | J9: Sun | M9: Fri
A10: 42006 | B10: 2015 | C10: Jan | D10: Fri | G10: 42015 | H10: 2015 | I10: Jan | J10: Sun | M10: Sat
A11: 42007 | B11: 2015 | C11: Jan | D11: Sat | G11: 42022 | H11: 2015 | I11: Jan | J11: Sun
A12: 42008 | B12: 2015 | C12: Jan | D12: Sun | G12: 42029 | H12: 2015 | I12: Jan | J12: Sun
A13: 42009 | B13: 2015 | C13: Jan | D13: Mon | G13: 42036 | H13: 2015 | I13: Feb | J13: Sun
A14: 42010 | B14: 2015 | C14: Jan | D14: Tue | G14: 42043 | H14: 2015 | I14: Feb | J14: Sun
A15: 42011 | B15: 2015 | C15: Jan | D15: Wed | G15: 42050 | H15: 2015 | I15: Feb | J15: Sun
A16: 42012 | B16: 2015 | C16: Jan | D16: Thu | G16: 42057 | H16: 2015 | I16: Feb | J16: Sun
A17: 42013 | B17: 2015 | C17: Jan | D17: Fri | G17: 42064 | H17: 2015 | I17: Mar | J17: Sun
A18: 42014 | B18: 2015 | C18: Jan | D18: Sat | G18: 42071 | H18: 2015 | I18: Mar | J18: Sun
A19: 42015 | B19: 2015 | C19: Jan | D19: Sun | G19: 42078 | H19: 2015 | I19: Mar | J19: Sun
A20: 42016 | B20: 2015 | C20: Jan | D20: Mon | G20: 42085 | H20: 2015 | I20: Mar | J20: Sun
A21: 42017 | B21: 2015 | C21: Jan | D21: Tue | G21: 42092 | H21: 2015 | I21: Mar | J21: Sun
A22: 42018 | B22: 2015 | C22: Jan | D22: Wed | G22: 42099 | H22: 2015 | I22: Apr | J22: Sun
... A321: 42317 | B321: 2015 | C321: Nov | D321: Mon | G321: 44192 | H321: 2020 | I321: Dec | J321: Sun
A322: 42318 | B322: 2015 | C322: Nov | D322: Tue
A323: 42319 | B323: 2015 | C323: Nov | D323: Wed
A324: 42320 | B324: 2015 | C324: Nov | D324: Thu
A325: 42321 | B325: 2015 | C325: Nov | D325: Fri
A326: 42322 | B326: 2015 | C326: Nov | D326: Sat
A327: 42323 | B327: 2015 | C327: Nov | D327: Sun
A328: 42324 | B328: 2015 | C328: Nov | D328: Mon
A329: 42325 | B329: 2015 | C329: Nov | D329: Tue
A330: 42326 | B330: 2015 | C330: Nov | D330: Wed
A331: 42327 | B331: 2015 | C331: Nov | D331: Thu
A332: 42328 | B332: 2015 | C332: Nov | D332: Fri
A333: 42329 | B333: 2015 | C333: Nov | D333: Sat
... A2200: 44196 | B2200: 2020 | C2200: Dec | D2200: Thu

Sheet Total Row
A1: Total Row for Dynamic Array Spill Ranges
A2: Table of Contents
L3: Customer: | M3: Food 4 Less
A5: Order Date | B5: Customer Name | C5: Product Name | D5: Amount | F5: =ROWS(_xlfn.ANCHORARRAY(G6))+1 -> 12 | G5: Total | J5: =SUM(INDEX(_xlfn.ANCHORARRAY($G$6),,COLUMN()-COLUMN($G$5)+1)) -> 6820 | L5: {=tblSalesTR[#Headers]} -> Order Date | M5: Customer Name | N5: Product Name | O5: Amount
A6: 43101 | B6: Albertsons | C6: Chocolate Cookies Mix | D6: 70 | F6: {=_xlfn.SEQUENCE(ROWS(_xlfn.ANCHORARRAY(G6)))} -> 1 | G6: {=_xlfn._xlws.FILTER(tblSalesTR[],tblSalesTR[Customer Name]=$M$3)} -> 43103 | H6: Food 4 Less | I6: Dried Plums | J6: 750 | L6: {=_xlfn.SORTBY(_xlfn.ANCHORARRAY(G6):G5,_xlfn.ANCHORARRAY(F6):F5,1)} -> 43103 | M6: Food 4 Less | N6: Dried Plums | O6: 750
A7: 43101 | B7: Safeway | C7: Coffee | D7: 190 | F7: 2 | G7: 43104 | H7: Food 4 Less | I7: Chocolate Cookies Mix | J7: 880 | L7: 43104 | M7: Food 4 Less | N7: Chocolate Cookies Mix | O7: 880
A8: 43101 | B8: Whole Foods | C8: Chocolate Cookies Mix | D8: 470 | F8: 3 | G8: 43108 | H8: Food 4 Less | I8: Dried Pears | J8: 810 | L8: 43108 | M8: Food 4 Less | N8: Dried Pears | O8: 810
A9: 43101 | B9: Safeway | C9: Shipping Only | D9: 0 | F9: 4 | G9: 43117 | H9: Food 4 Less | I9: Gnocchi | J9: 330 | L9: 43117 | M9: Food 4 Less | N9: Gnocchi | O9: 330
A10: 43101 | B10: Save Mart | C10: Green Tea | D10: 900 | F10: 5 | G10: 43124 | H10: Food 4 Less | I10: Dried Pears | J10: 690 | L10: 43124 | M10: Food 4 Less | N10: Dried Pears | O10: 690
A11: 43102 | B11: Smart & Final | C11: Soda | D11: 100 | F11: 6 | G11: 43125 | H11: Food 4 Less | I11: Marmalade | J11: 620 | L11: 43125 | M11: Food 4 Less | N11: Marmalade | O11: 620
A12: 43102 | B12: Save Mart | C12: Almonds | D12: 810 | F12: 7 | G12: 43127 | H12: Food 4 Less | I12: Dried Apples | J12: 830 | L12: 43127 | M12: Food 4 Less | N12: Dried Apples | O12: 830
A13: 43103 | B13: Food 4 Less | C13: Dried Plums | D13: 750 | F13: 8 | G13: 43128 | H13: Food 4 Less | I13: Shipping Only | J13: 0 | L13: 43128 | M13: Food 4 Less | N13: Shipping Only | O13: 0
A14: 43103 | B14: Safeway | C14: Coffee | D14: 920 | F14: 9 | G14: 43130 | H14: Food 4 Less | I14: Peanut Butter Biscuits | J14: 110 | L14: 43130 | M14: Food 4 Less | N14: Peanut Butter Biscuits | O14: 110
A15: 43104 | B15: Raley's | C15: Mozzarella | D15: 180 | F15: 10 | G15: 43131 | H15: Food 4 Less | I15: Long Grain Rice | J15: 910 | L15: 43131 | M15: Food 4 Less | N15: Long Grain Rice | O15: 910
A16: 43104 | B16: Vallarta | C16: Curry Sauce | D16: 810 | F16: 11 | G16: 43131 | H16: Food 4 Less | I16: Dried Apples | J16: 890 | L16: 43131 | M16: Food 4 Less | N16: Dried Apples | O16: 890
A17: 43104 | B17: Whole Foods | C17: Chocolate Cookies Mix | D17: 380 | L17: Total | M17: 0 | N17: 0 | O17: 6820
A18: 43104 | B18: Food 4 Less | C18: Chocolate Cookies Mix | D18: 880
A19: 43105 | B19: Save Mart | C19: Cajun Seasoning | D19: 720
A20: 43106 | B20: Stater Bros | C20: Curry Sauce | D20: 250
A21: 43106 | B21: Whole Foods | C21: Curry Sauce | D21: 820
A22: 43106 | B22: Stater Bros | C22: Chocolate | D22: 1000
A23: 43106 | B23: Stater Bros | C23: Curry Sauce | D23: 320
A24: 43107 | B24: Albertsons | C24: Lemonade | D24: 640
A25: 43108 | B25: Food 4 Less | C25: Dried Pears | D25: 810
A26: 43108 | B26: Whole Foods | C26: Chocolate | D26: 360
A27: 43108 | B27: Whole Foods | C27: Shipping Only | D27: 0
A28: 43108 | B28: Wal-Mart | C28: Shipping Only | D28: 0
A29: 43108 | B29: Smart & Final | C29: Fruit Cocktail | D29: 410
... A85: 43131 | B85: Food 4 Less | C85: Dried Apples | D85: 890

Sheet Multiple Total Rows
A1: Multiple Total Rows
A2: Table of Contents
Q3: Rep Name: | R3: Cati Greneham
B5: =ROWS(_xlfn.ANCHORARRAY(C9))+4 -> 12 | C5: Count | D5: =COUNTIF(INDEX(_xlfn.ANCHORARRAY($D$9),,COLUMN()-COLUMN($D$9)+1),">0") -> 1 | E5: =COUNTIF(INDEX(_xlfn.ANCHORARRAY($D$9),,COLUMN()-COLUMN($D$9)+1),">0") -> 0 | F5: =COUNTIF(INDEX(_xlfn.ANCHORARRAY($D$9),,COLUMN()-COLUMN($D$9)+1),">0") -> 2 | G5: =COUNTIF(INDEX(_xlfn.ANCHORARRAY($D$9),,COLUMN()-COLUMN($D$9)+1),">0") -> 1 | H5: =COUNTIF(INDEX(_xlfn.ANCHORARRAY($D$9),,COLUMN()-COLUMN($D$9)+1),">0") -> 2 | I5: =COUNTIF(INDEX(_xlfn.ANCHORARRAY($D$9),,COLUMN()-COLUMN($D$9)+1),">0") -> 2 | J5: =COUNTIF(INDEX(_xlfn.ANCHORARRAY($D$9),,COLUMN()-COLUMN($D$9)+1),">0") -> 1 | K5: =COUNTIF(INDEX(_xlfn.ANCHORARRAY($D$9),,COLUMN()-COLUMN($D$9)+1),">0") -> 1 | ... O5: =COUNTIF(INDEX(_xlfn.ANCHORARRAY($D$9),,COLUMN()-COLUMN($D$9)+1),">0") -> 3 | Q5: {=_xlfn.SORTBY(_xlfn.ANCHORARRAY(D9):C5,_xlfn.ANCHORARRAY(B9):B5,1)} -> Company | R5: 2019-01 | S5: 2019-02 | T5: 2019-03 | U5: 2019-04 | V5: 2019-05 | W5: 2019-06 | X5: 2019-07 | Y5: 2019-08 | Z5: 2019-09 | AA5: 2019-10 | AB5: 2019-11 | AC5: 2019-12
B6: =ROWS(_xlfn.ANCHORARRAY(C9))+3 -> 11 | C6: Average | D6: =AVERAGE(INDEX(_xlfn.ANCHORARRAY($D$9),,COLUMN()-COLUMN($D$9)+1)) -> 149.8125 | E6: =AVERAGE(INDEX(_xlfn.ANCHORARRAY($D$9),,COLUMN()-COLUMN($D$9)+1)) -> 0 | F6: =AVERAGE(INDEX(_xlfn.ANCHORARRAY($D$9),,COLUMN()-COLUMN($D$9)+1)) -> 252.75 | G6: =AVERAGE(INDEX(_xlfn.ANCHORARRAY($D$9),,COLUMN()-COLUMN($D$9)+1)) -> 55.78125 | H6: =AVERAGE(INDEX(_xlfn.ANCHORARRAY($D$9),,COLUMN()-COLUMN($D$9)+1)) -> 59.0625 | I6: =AVERAGE(INDEX(_xlfn.ANCHORARRAY($D$9),,COLUMN()-COLUMN($D$9)+1)) -> 616 | J6: =AVERAGE(INDEX(_xlfn.ANCHORARRAY($D$9),,COLUMN()-COLUMN($D$9)+1)) -> 40.25 | K6: =AVERAGE(INDEX(_xlfn.ANCHORARRAY($D$9),,COLUMN()-COLUMN($D$9)+1)) -> 73.5 | ... O6: =AVERAGE(INDEX(_xlfn.ANCHORARRAY($D$9),,COLUMN()-COLUMN($D$9)+1)) -> 506.15625 | Q6: Cornell | R6: 0 | S6: 0 | T6: 0 | U6: 0 | V6: 0 | W6: 1106 | X6: 0 | Y6: 0 | Z6: 0 | AA6: 0 | AB6: 0 | AC6: 0
B7: =ROWS(_xlfn.ANCHORARRAY(C9))+2 -> 10 | C7: Total | D7: =SUM(INDEX(_xlfn.ANCHORARRAY($D$9),,COLUMN()-COLUMN($D$9)+1)) -> 1198.5 | E7: =SUM(INDEX(_xlfn.ANCHORARRAY($D$9),,COLUMN()-COLUMN($D$9)+1)) -> 0 | F7: =SUM(INDEX(_xlfn.ANCHORARRAY($D$9),,COLUMN()-COLUMN($D$9)+1)) -> 2022 | G7: =SUM(INDEX(_xlfn.ANCHORARRAY($D$9),,COLUMN()-COLUMN($D$9)+1)) -> 446.25 | H7: =SUM(INDEX(_xlfn.ANCHORARRAY($D$9),,COLUMN()-COLUMN($D$9)+1)) -> 472.5 | I7: =SUM(INDEX(_xlfn.ANCHORARRAY($D$9),,COLUMN()-COLUMN($D$9)+1)) -> 4928 | J7: =SUM(INDEX(_xlfn.ANCHORARRAY($D$9),,COLUMN()-COLUMN($D$9)+1)) -> 322 | K7: =SUM(INDEX(_xlfn.ANCHORARRAY($D$9),,COLUMN()-COLUMN($D$9)+1)) -> 588 | ... O7: =SUM(INDEX(_xlfn.ANCHORARRAY($D$9),,COLUMN()-COLUMN($D$9)+1)) -> 4049.25 | Q7: Dell | R7: 0 | S7: 0 | T7: 0 | U7: 0 | V7: 178.5 | W7: 0 | X7: 0 | Y7: 0 | Z7: 0 | AA7: 0 | AB7: 0 | AC7: 2106
B8: 1 | C8: Company | D8: {=TRANSPOSE(_xlfn._xlws.SORT(_xlfn.UNIQUE(tblDataTR[Year-Month])))} -> 2019-01 | E8: 2019-02 | F8: 2019-03 | G8: 2019-04 | H8: 2019-05 | I8: 2019-06 | J8: 2019-07 | K8: 2019-08 | L8: 2019-09 | M8: 2019-10 | N8: 2019-11 | O8: 2019-12 | Q8: Event Brite | R8: 1198.5 | S8: 0 | T8: 0 | U8: 0 | V8: 0 | W8: 0 | X8: 0 | Y8: 0 | Z8: 700 | AA8: 0 | AB8: 0 | AC8: 0
B9: {=_xlfn.SEQUENCE(ROWS(_xlfn.ANCHORARRAY(C9)),,2)} -> 2 | C9: {=_xlfn._xlws.SORT(_xlfn.UNIQUE(_xlfn._xlws.FILTER(tblDataTR[Customer Name],tblDataTR[Rep Name]='Multiple Total Rows'!R3)))} -> Cornell | D9: {=SUMIFS(tblDataTR[Revenue],tblDataTR[Customer Name],_xlfn.ANCHORARRAY(C9),tblDataTR[Year-Month],_xlfn.ANCHORARRAY(D8),tblDataTR[Rep Name],R3)} -> 0 | E9: 0 | F9: 0 | G9: 0 | H9: 0 | I9: 1106 | J9: 0 | K9: 0 | L9: 0 | M9: 0 | N9: 0 | O9: 0 | Q9: List Manage | R9: 0 | S9: 0 | T9: 1014 | U9: 446.25 | V9: 294 | W9: 3822 | X9: 0 | Y9: 588 | Z9: 0 | AA9: 0 | AB9: 0 | AC9: 0
B10: 3 | C10: Dell | D10: 0 | E10: 0 | F10: 0 | G10: 0 | H10: 178.5 | I10: 0 | J10: 0 | K10: 0 | L10: 0 | M10: 0 | N10: 0 | O10: 2106 | Q10: Newsvine | R10: 0 | S10: 0 | T10: 1008 | U10: 0 | V10: 0 | W10: 0 | X10: 0 | Y10: 0 | Z10: 0 | AA10: 0 | AB10: 0 | AC10: 599.25
B11: 4 | C11: Event Brite | D11: 1198.5 | E11: 0 | F11: 0 | G11: 0 | H11: 0 | I11: 0 | J11: 0 | K11: 0 | L11: 700 | M11: 0 | N11: 0 | O11: 0 | Q11: Stumble Upon | R11: 0 | S11: 0 | T11: 0 | U11: 0 | V11: 0 | W11: 0 | X11: 322 | Y11: 0 | Z11: 0 | AA11: 1092 | AB11: 0 | AC11: 0
B12: 5 | C12: List Manage | D12: 0 | E12: 0 | F12: 1014 | G12: 446.25 | H12: 294 | I12: 3822 | J12: 0 | K12: 588 | L12: 0 | M12: 0 | N12: 0 | O12: 0 | Q12: Trip Advisor | R12: 0 | S12: 0 | T12: 0 | U12: 0 | V12: 0 | W12: 0 | X12: 0 | Y12: 0 | Z12: 0 | AA12: 0 | AB12: 0 | AC12: 1344
B13: 6 | C13: Newsvine | D13: 0 | E13: 0 | F13: 1008 | G13: 0 | H13: 0 | I13: 0 | J13: 0 | K13: 0 | L13: 0 | M13: 0 | N13: 0 | O13: 599.25 | Q13: Xing | R13: 0 | S13: 0 | T13: 0 | U13: 0 | V13: 0 | W13: 0 | X13: 0 | Y13: 0 | Z13: 0 | AA13: 0 | AB13: 532 | AC13: 0
B14: 7 | C14: Stumble Upon | D14: 0 | E14: 0 | F14: 0 | G14: 0 | H14: 0 | I14: 0 | J14: 322 | K14: 0 | L14: 0 | M14: 1092 | N14: 0 | O14: 0 | Q14: Total | R14: 1198.5 | S14: 0 | T14: 2022 | U14: 446.25 | V14: 472.5 | W14: 4928 | X14: 322 | Y14: 588 | Z14: 700 | AA14: 1092 | AB14: 532 | AC14: 4049.25
B15: 8 | C15: Trip Advisor | D15: 0 | E15: 0 | F15: 0 | G15: 0 | H15: 0 | I15: 0 | J15: 0 | K15: 0 | L15: 0 | M15: 0 | N15: 0 | O15: 1344 | Q15: Average | R15: 149.8125 | S15: 0 | T15: 252.75 | U15: 55.78125 | V15: 59.0625 | W15: 616 | X15: 40.25 | Y15: 73.5 | Z15: 87.5 | AA15: 136.5 | AB15: 66.5 | AC15: 506.15625
B16: 9 | C16: Xing | D16: 0 | E16: 0 | F16: 0 | G16: 0 | H16: 0 | I16: 0 | J16: 0 | K16: 0 | L16: 0 | M16: 0 | N16: 532 | O16: 0 | Q16: Count | R16: 1 | S16: 0 | T16: 2 | U16: 1 | V16: 2 | W16: 2 | X16: 1 | Y16: 1 | Z16: 1 | AA16: 1 | AB16: 1 | AC16: 3

Sheet Total Row and Column
A1: Total Row and Column
A2: Table of Contents
AH3: Rep Name: | AI3: Elwyn Ellul
C4: 14 | D4: 1 | E4: {=_xlfn.SEQUENCE(1,COLUMNS(_xlfn.ANCHORARRAY(E7)))+1} -> 2 | F4: 3 | G4: 4 | H4: 5 | I4: 6 | J4: 7 | K4: 8 | L4: 9 | M4: 10 | N4: 11 | O4: 12 | P4: 13 | R4: =COLUMNS(_xlfn.ANCHORARRAY(R5)) -> 14 | S4: {=_xlfn.SEQUENCE(1,COLUMNS(_xlfn.ANCHORARRAY(R5))-1)} -> 1 | T4: 2 | U4: 3 | V4: 4 | W4: 5 | X4: 6 | Y4: 7 | Z4: 8 | AA4: 9 | AB4: 10 | AC4: 11 | AD4: 12 | AE4: 13
B5: =ROWS(_xlfn.ANCHORARRAY(D7))+2 -> 13 | C5: =SUM(_xlfn.ANCHORARRAY(C7)) -> 41811.75 | D5: Total | E5: =SUM(INDEX(_xlfn.ANCHORARRAY($E$7),,COLUMN()-COLUMN($E$7)+1)) -> 5210.65 | F5: =SUM(INDEX(_xlfn.ANCHORARRAY($E$7),,COLUMN()-COLUMN($E$7)+1)) -> 1830 | G5: =SUM(INDEX(_xlfn.ANCHORARRAY($E$7),,COLUMN()-COLUMN($E$7)+1)) -> 3320 | H5: =SUM(INDEX(_xlfn.ANCHORARRAY($E$7),,COLUMN()-COLUMN($E$7)+1)) -> 6664.75 | I5: =SUM(INDEX(_xlfn.ANCHORARRAY($E$7),,COLUMN()-COLUMN($E$7)+1)) -> 5154.95 | J5: =SUM(INDEX(_xlfn.ANCHORARRAY($E$7),,COLUMN()-COLUMN($E$7)+1)) -> 1360 | K5: =SUM(INDEX(_xlfn.ANCHORARRAY($E$7),,COLUMN()-COLUMN($E$7)+1)) -> 1390 | L5: =SUM(INDEX(_xlfn.ANCHORARRAY($E$7),,COLUMN()-COLUMN($E$7)+1)) -> 0 | ... P5: =SUM(INDEX(_xlfn.ANCHORARRAY($E$7),,COLUMN()-COLUMN($E$7)+1)) -> 7581.4 | R5: {=_xlfn.SORTBY(_xlfn.ANCHORARRAY(E7):C5,_xlfn.ANCHORARRAY(B7):B5,1)} -> Total | S5: Company | T5: 2019-01 | U5: 2019-02 | V5: 2019-03 | W5: 2019-04 | X5: 2019-05 | Y5: 2019-06 | Z5: 2019-07 | AA5: 2019-08 | AB5: 2019-09 | AC5: 2019-10 | AD5: 2019-11 | AE5: 2019-12 | AH5: {=_xlfn.SORTBY(_xlfn.ANCHORARRAY(R5),R4:AE4,1)} -> Company | AI5: 2019-01 | AJ5: 2019-02 | AK5: 2019-03 | AL5: 2019-04 | AM5: 2019-05 | AN5: 2019-06 | AO5: 2019-07 | AP5: 2019-08 | AQ5: 2019-09 | AR5: 2019-10 | AS5: 2019-11 | AT5: 2019-12 | AU5: Total | BK5: {=_xlfn.SORTBY(_xlfn.ANCHORARRAY(AH5):AG5,AG4:AT4,1)} -> #VALUE!
B6: 1 | C6: Total | D6: Company | E6: {=TRANSPOSE(_xlfn._xlws.SORT(_xlfn.UNIQUE(tblDataTR[Year-Month])))} -> 2019-01 | F6: 2019-02 | G6: 2019-03 | H6: 2019-04 | I6: 2019-05 | J6: 2019-06 | K6: 2019-07 | L6: 2019-08 | M6: 2019-09 | N6: 2019-10 | O6: 2019-11 | P6: 2019-12 | R6: 1923.1 | S6: Cornell | T6: 878.15 | U6: 630 | V6: 0 | W6: 0 | X6: 414.95 | Y6: 0 | Z6: 0 | AA6: 0 | AB6: 0 | AC6: 0 | AD6: 0 | AE6: 0 | AH6: Cornell | AI6: 878.15 | AJ6: 630 | AK6: 0 | AL6: 0 | AM6: 414.95 | AN6: 0 | AO6: 0 | AP6: 0 | AQ6: 0 | AR6: 0 | AS6: 0 | AT6: 0 | AU6: 1923.1
B7: {=_xlfn.SEQUENCE(ROWS(_xlfn.ANCHORARRAY(D7)),,2)} -> 2 | C7: {=SUMIFS(tblDataTR[Revenue],tblDataTR[Customer Name],_xlfn.ANCHORARRAY(D7),tblDataTR[Rep Name],AI3)} -> 1923.1 | D7: {=_xlfn._xlws.SORT(_xlfn.UNIQUE(_xlfn._xlws.FILTER(tblDataTR[Customer Name],tblDataTR[Rep Name]='Total Row and Column'!AI3)))} -> Cornell | E7: {=SUMIFS(tblDataTR[Revenue],tblDataTR[Customer Name],_xlfn.ANCHORARRAY(D7),tblDataTR[Year-Month],_xlfn.ANCHORARRAY(E6),tblDataTR[Rep Name],AI3)} -> 878.15 | F7: 630 | G7: 0 | H7: 0 | I7: 414.95 | J7: 0 | K7: 0 | L7: 0 | M7: 0 | N7: 0 | O7: 0 | P7: 0 | R7: 686 | S7: Dell | T7: 686 | U7: 0 | V7: 0 | W7: 0 | X7: 0 | Y7: 0 | Z7: 0 | AA7: 0 | AB7: 0 | AC7: 0 | AD7: 0 | AE7: 0 | AH7: Dell | AI7: 686 | AJ7: 0 | AK7: 0 | AL7: 0 | AM7: 0 | AN7: 0 | AO7: 0 | AP7: 0 | AQ7: 0 | AR7: 0 | AS7: 0 | AT7: 0 | AU7: 686
B8: 3 | C8: 686 | D8: Dell | E8: 686 | F8: 0 | G8: 0 | H8: 0 | I8: 0 | J8: 0 | K8: 0 | L8: 0 | M8: 0 | N8: 0 | O8: 0 | P8: 0 | R8: 5181 | S8: Event Brite | T8: 0 | U8: 0 | V8: 0 | W8: 0 | X8: 4740 | Y8: 0 | Z8: 0 | AA8: 0 | AB8: 0 | AC8: 0 | AD8: 0 | AE8: 441 | AH8: Event Brite | AI8: 0 | AJ8: 0 | AK8: 0 | AL8: 0 | AM8: 4740 | AN8: 0 | AO8: 0 | AP8: 0 | AQ8: 0 | AR8: 0 | AS8: 0 | AT8: 441 | AU8: 5181
B9: 4 | C9: 5181 | D9: Event Brite | E9: 0 | F9: 0 | G9: 0 | H9: 0 | I9: 4740 | J9: 0 | K9: 0 | L9: 0 | M9: 0 | N9: 0 | O9: 0 | P9: 441 | R9: 3356 | S9: List Manage | T9: 2024 | U9: 0 | V9: 0 | W9: 1332 | X9: 0 | Y9: 0 | Z9: 0 | AA9: 0 | AB9: 0 | AC9: 0 | AD9: 0 | AE9: 0 | AH9: List Manage | AI9: 2024 | AJ9: 0 | AK9: 0 | AL9: 1332 | AM9: 0 | AN9: 0 | AO9: 0 | AP9: 0 | AQ9: 0 | AR9: 0 | AS9: 0 | AT9: 0 | AU9: 3356
B10: 5 | C10: 3356 | D10: List Manage | E10: 2024 | F10: 0 | G10: 0 | H10: 1332 | I10: 0 | J10: 0 | K10: 0 | L10: 0 | M10: 0 | N10: 0 | O10: 0 | P10: 0 | R10: 5700.5 | S10: Merriam Webster | T10: 164.5 | U10: 0 | V10: 0 | W10: 4416 | X10: 0 | Y10: 1120 | Z10: 0 | AA10: 0 | AB10: 0 | AC10: 0 | AD10: 0 | AE10: 0 | AH10: Merriam Webster | AI10: 164.5 | AJ10: 0 | AK10: 0 | AL10: 4416 | AM10: 0 | AN10: 1120 | AO10: 0 | AP10: 0 | AQ10: 0 | AR10: 0 | AS10: 0 | AT10: 0 | AU10: 5700.5
B11: 6 | C11: 5700.5 | D11: Merriam Webster | E11: 164.5 | F11: 0 | G11: 0 | H11: 4416 | I11: 0 | J11: 1120 | K11: 0 | L11: 0 | M11: 0 | N11: 0 | O11: 0 | P11: 0 | R11: 926.4 | S11: Network Solutions | T11: 0 | U11: 0 | V11: 0 | W11: 0 | X11: 0 | Y11: 0 | Z11: 0 | AA11: 0 | AB11: 0 | AC11: 0 | AD11: 0 | AE11: 926.4 | AH11: Network Solutions | AI11: 0 | AJ11: 0 | AK11: 0 | AL11: 0 | AM11: 0 | AN11: 0 | AO11: 0 | AP11: 0 | AQ11: 0 | AR11: 0 | AS11: 0 | AT11: 926.4 | AU11: 926.4
B12: 7 | C12: 926.4 | D12: Network Solutions | E12: 0 | F12: 0 | G12: 0 | H12: 0 | I12: 0 | J12: 0 | K12: 0 | L12: 0 | M12: 0 | N12: 0 | O12: 0 | P12: 926.4 | R12: 960 | S12: Newsvine | T12: 0 | U12: 0 | V12: 0 | W12: 0 | X12: 0 | Y12: 0 | Z12: 0 | AA12: 0 | AB12: 0 | AC12: 0 | AD12: 960 | AE12: 0 | AH12: Newsvine | AI12: 0 | AJ12: 0 | AK12: 0 | AL12: 0 | AM12: 0 | AN12: 0 | AO12: 0 | AP12: 0 | AQ12: 0 | AR12: 0 | AS12: 960 | AT12: 0 | AU12: 960
B13: 8 | C13: 960 | D13: Newsvine | E13: 0 | F13: 0 | G13: 0 | H13: 0 | I13: 0 | J13: 0 | K13: 0 | L13: 0 | M13: 0 | N13: 0 | O13: 960 | P13: 0 | R13: 7136 | S13: Site Meter | T13: 0 | U13: 1200 | V13: 2840 | W13: 0 | X13: 0 | Y13: 240 | Z13: 990 | AA13: 0 | AB13: 0 | AC13: 0 | AD13: 360 | AE13: 1506 | AH13: Site Meter | AI13: 0 | AJ13: 1200 | AK13: 2840 | AL13: 0 | AM13: 0 | AN13: 240 | AO13: 990 | AP13: 0 | AQ13: 0 | AR13: 0 | AS13: 360 | AT13: 1506 | AU13: 7136
B14: 9 | C14: 7136 | D14: Site Meter | E14: 0 | F14: 1200 | G14: 2840 | H14: 0 | I14: 0 | J14: 240 | K14: 990 | L14: 0 | M14: 0 | N14: 0 | O14: 360 | P14: 1506 | R14: 1906.75 | S14: Tamu | T14: 0 | U14: 0 | V14: 480 | W14: 916.75 | X14: 0 | Y14: 0 | Z14: 400 | AA14: 0 | AB14: 0 | AC14: 110 | AD14: 0 | AE14: 0 | AH14: Tamu | AI14: 0 | AJ14: 0 | AK14: 480 | AL14: 916.75 | AM14: 0 | AN14: 0 | AO14: 400 | AP14: 0 | AQ14: 0 | AR14: 110 | AS14: 0 | AT14: 0 | AU14: 1906.75
B15: 10 | C15: 1906.75 | D15: Tamu | E15: 0 | F15: 0 | G15: 480 | H15: 916.75 | I15: 0 | J15: 0 | K15: 400 | L15: 0 | M15: 0 | N15: 110 | O15: 0 | P15: 0 | R15: 9508 | S15: Trip Advisor | T15: 1458 | U15: 0 | V15: 0 | W15: 0 | X15: 0 | Y15: 0 | Z15: 0 | AA15: 0 | AB15: 3520 | AC15: 3640 | AD15: 0 | AE15: 890 | AH15: Trip Advisor | AI15: 1458 | AJ15: 0 | AK15: 0 | AL15: 0 | AM15: 0 | AN15: 0 | AO15: 0 | AP15: 0 | AQ15: 3520 | AR15: 3640 | AS15: 0 | AT15: 890 | AU15: 9508
B16: 11 | C16: 9508 | D16: Trip Advisor | E16: 1458 | F16: 0 | G16: 0 | H16: 0 | I16: 0 | J16: 0 | K16: 0 | L16: 0 | M16: 3520 | N16: 3640 | O16: 0 | P16: 890 | R16: 4528 | S16: Xing | T16: 0 | U16: 0 | V16: 0 | W16: 0 | X16: 0 | Y16: 0 | Z16: 0 | AA16: 0 | AB16: 710 | AC16: 0 | AD16: 0 | AE16: 3818 | AH16: Xing | AI16: 0 | AJ16: 0 | AK16: 0 | AL16: 0 | AM16: 0 | AN16: 0 | AO16: 0 | AP16: 0 | AQ16: 710 | AR16: 0 | AS16: 0 | AT16: 3818 | AU16: 4528
B17: 12 | C17: 4528 | D17: Xing | E17: 0 | F17: 0 | G17: 0 | H17: 0 | I17: 0 | J17: 0 | K17: 0 | L17: 0 | M17: 710 | N17: 0 | O17: 0 | P17: 3818 | R17: 41811.75 | S17: Total | T17: 5210.65 | U17: 1830 | V17: 3320 | W17: 6664.75 | X17: 5154.95 | Y17: 1360 | Z17: 1390 | AA17: 0 | AB17: 4230 | AC17: 3750 | AD17: 1320 | AE17: 7581.4 | AH17: Total | AI17: 5210.65 | AJ17: 1830 | AK17: 3320 | AL17: 6664.75 | AM17: 5154.95 | AN17: 1360 | AO17: 1390 | AP17: 0 | AQ17: 4230 | AR17: 3750 | AS17: 1320 | AT17: 7581.4 | AU17: 41811.75

Sheet Subtotal Rows
A1: Total Row for Dynamic Array Spill Ranges
A2: Table of Contents
F4: {=_xlfn.UNIQUE(tblSalesSub[Product Name])} -> Coffee | G4: {=_xlfn.MAXIFS(_xlfn.ANCHORARRAY(G9),INDEX(_xlfn.ANCHORARRAY(H9),,1),_xlfn.ANCHORARRAY(F4))+0.5} -> 3.5 | H4: {="Total "&_xlfn.ANCHORARRAY(F4)} -> Total Coffee | K4: {=SUMIFS(tblSalesSub[Amount],tblSalesSub[Product Name],_xlfn.ANCHORARRAY(F4),tblSalesSub[Customer Name],$N$6)} -> 1130
F5: Lemonade | G5: 6.5 | H5: Total Lemonade | K5: 1500
F6: Tea | G6: 8.5 | H6: Total Tea | K6: 760 | M6: Customer: | N6: Whole Foods
F7: Water | G7: 11.5 | H7: Total Water | K7: 1225
A8: Product Name | B8: Order Date | C8: Customer Name | D8: Amount | G8: =ROWS(_xlfn.ANCHORARRAY(H9))+ROWS(_xlfn.ANCHORARRAY(H4)) -> 15 | H8: Grand Total | K8: =SUMIFS(tblSalesSub[Amount],tblSalesSub[Customer Name],$N$6) -> 4615 | M8: {=tblSalesSub[#Headers]} -> Product Name | N8: Order Date | O8: Customer Name | P8: Amount
A9: Coffee | B9: 43125 | C9: Costco | D9: 820 | G9: {=_xlfn.SEQUENCE(ROWS(_xlfn.ANCHORARRAY(H9)))} -> 1 | H9: {=_xlfn._xlws.SORT(_xlfn._xlws.FILTER(tblSalesSub[],tblSalesSub[Customer Name]=$N$6),1,1)} -> Coffee | I9: 43104 | J9: Whole Foods | K9: 380 | M9: {=_xlfn.SORTBY(_xlfn.ANCHORARRAY(H9):H4,_xlfn.ANCHORARRAY(G9):G4,1)} -> Coffee | N9: 43104 | O9: Whole Foods | P9: 380
A10: Coffee | B10: 43117 | C10: Costco | D10: 490 | G10: 2 | H10: Coffee | I10: 43104 | J10: Whole Foods | K10: 250 | M10: Coffee | N10: 43104 | O10: Whole Foods | P10: 250
A11: Coffee | B11: 43130 | C11: Costco | D11: 610 | G11: 3 | H11: Coffee | I11: 43104 | J11: Whole Foods | K11: 500 | M11: Coffee | N11: 43104 | O11: Whole Foods | P11: 500
A12: Coffee | B12: 43131 | C12: Costco | D12: 340 | G12: 4 | H12: Lemonade | I12: 43101 | J12: Whole Foods | K12: 470 | M12: Total Coffee | N12: 0 | O12: 0 | P12: 1130
A13: Coffee | B13: 43121 | C13: Costco | D13: 490 | G13: 5 | H13: Lemonade | I13: 43108 | J13: Whole Foods | K13: 360 | M13: Lemonade | N13: 43101 | O13: Whole Foods | P13: 470
A14: Coffee | B14: 43128 | C14: Costco | D14: 990 | G14: 6 | H14: Lemonade | I14: 43116 | J14: Whole Foods | K14: 670 | M14: Lemonade | N14: 43108 | O14: Whole Foods | P14: 360
A15: Lemonade | B15: 43101 | C15: Costco | D15: 70 | G15: 7 | H15: Tea | I15: 43122 | J15: Whole Foods | K15: 290 | M15: Lemonade | N15: 43116 | O15: Whole Foods | P15: 670
A16: Lemonade | B16: 43114 | C16: Costco | D16: 170 | G16: 8 | H16: Tea | I16: 43126 | J16: Whole Foods | K16: 470 | M16: Total Lemonade | N16: 0 | O16: 0 | P16: 1500
A17: Lemonade | B17: 43124 | C17: Costco | D17: 690 | G17: 9 | H17: Water | I17: 43106 | J17: Whole Foods | K17: 820 | M17: Tea | N17: 43122 | O17: Whole Foods | P17: 290
A18: Lemonade | B18: 43125 | C18: Costco | D18: 620 | G18: 10 | H18: Water | I18: 43108 | J18: Whole Foods | K18: 125 | M18: Tea | N18: 43126 | O18: Whole Foods | P18: 470
A19: Lemonade | B19: 43131 | C19: Costco | D19: 910 | G19: 11 | H19: Water | I19: 43123 | J19: Whole Foods | K19: 280 | M19: Total Tea | N19: 0 | O19: 0 | P19: 760
A20: Lemonade | B20: 43112 | C20: Costco | D20: 240 | M20: Water | N20: 43106 | O20: Whole Foods | P20: 820
A21: Tea | B21: 43107 | C21: Costco | D21: 640 | M21: Water | N21: 43108 | O21: Whole Foods | P21: 125
A22: Tea | B22: 43108 | C22: Costco | D22: 810 | M22: Water | N22: 43123 | O22: Whole Foods | P22: 280
A23: Tea | B23: 43117 | C23: Costco | D23: 330 | M23: Total Water | N23: 0 | O23: 0 | P23: 1225
A24: Tea | B24: 43128 | C24: Costco | D24: 970 | M24: Grand Total | N24: 0 | O24: 0 | P24: 4615
A25: Tea | B25: 43123 | C25: Costco | D25: 850
A26: Tea | B26: 43131 | C26: Costco | D26: 720
A27: Water | B27: 43121 | C27: Costco | D27: 910
A28: Water | B28: 43103 | C28: Costco | D28: 750
A29: Water | B29: 43104 | C29: Costco | D29: 880
A30: Water | B30: 43127 | C30: Costco | D30: 830
A31: Water | B31: 43109 | C31: Costco | D31: 810
A32: Water | B32: 43116 | C32: Costco | D32: 440
A33: Water | B33: 43104 | C33: Costco | D33: 180
A34: Coffee | B34: 43129 | C34: Safeway | D34: 250
A35: Coffee | B35: 43110 | C35: Safeway | D35: 850
A36: Coffee | B36: 43112 | C36: Safeway | D36: 410
... A65: Coffee | B65: 43104 | C65: Whole Foods | D65: 500

Sheet Data - Total Row
A2: Table of Contents
A4: Order ID | B4: Order Date | C4: Year-Month | D4: Quarter | E4: Customer ID | F4: Customer Name | G4: Rep ID | H4: Rep Name | I4: Category | J4: Unit Price | K4: Quantity | L4: Revenue | M4: Shipping Fee
A5: 1001 | B5: 43492 | C5: =YEAR(tblDataTR[[#This Row],[Order Date]])&"-"&TEXT(tblDataTR[[#This Row],[Order Date]],"mm") -> 2019-01 | D5: ="Q"&ROUNDUP(MONTH(tblDataTR[[#This Row],[Order Date]])/3,0) -> Q1 | E5: 1 | F5: Dell | G5: 1 | H5: Elwyn Ellul | I5: Beverages | J5: 14 | K5: 49 | L5: 686 | M5: 66.542
A6: 1002 | B6: 43492 | C6: =YEAR(tblDataTR[[#This Row],[Order Date]])&"-"&TEXT(tblDataTR[[#This Row],[Order Date]],"mm") -> 2019-01 | D6: ="Q"&ROUNDUP(MONTH(tblDataTR[[#This Row],[Order Date]])/3,0) -> Q1 | E6: 9 | F6: Merriam Webster | G6: 1 | H6: Elwyn Ellul | I6: Dried Fruit & Nuts | J6: 3.5 | K6: 47 | L6: 164.5 | M6: 16.6145
A7: 1083 | B7: 43567 | C7: =YEAR(tblDataTR[[#This Row],[Order Date]])&"-"&TEXT(tblDataTR[[#This Row],[Order Date]],"mm") -> 2019-04 | D7: ="Q"&ROUNDUP(MONTH(tblDataTR[[#This Row],[Order Date]])/3,0) -> Q2 | E7: 9 | F7: Merriam Webster | G7: 1 | H7: Elwyn Ellul | I7: Beverages | J7: 46 | K7: 96 | L7: 4416 | M7: 428.352
A8: 1006 | B8: 43477 | C8: =YEAR(tblDataTR[[#This Row],[Order Date]])&"-"&TEXT(tblDataTR[[#This Row],[Order Date]],"mm") -> 2019-01 | D8: ="Q"&ROUNDUP(MONTH(tblDataTR[[#This Row],[Order Date]])/3,0) -> Q1 | E8: 10 | F8: Trip Advisor | G8: 1 | H8: Elwyn Ellul | I8: Beverages | J8: 18 | K8: 81 | L8: 1458 | M8: 141.426
A9: 1007 | B9: 43477 | C9: =YEAR(tblDataTR[[#This Row],[Order Date]])&"-"&TEXT(tblDataTR[[#This Row],[Order Date]],"mm") -> 2019-01 | D9: ="Q"&ROUNDUP(MONTH(tblDataTR[[#This Row],[Order Date]])/3,0) -> Q1 | E9: 8 | F9: List Manage | G9: 1 | H9: Elwyn Ellul | I9: Beverages | J9: 46 | K9: 44 | L9: 2024 | M9: 198.352
A10: 1082 | B10: 43567 | C10: =YEAR(tblDataTR[[#This Row],[Order Date]])&"-"&TEXT(tblDataTR[[#This Row],[Order Date]],"mm") -> 2019-04 | D10: ="Q"&ROUNDUP(MONTH(tblDataTR[[#This Row],[Order Date]])/3,0) -> Q2 | E10: 8 | F10: List Manage | G10: 1 | H10: Elwyn Ellul | I10: Beverages | J10: 18 | K10: 74 | L10: 1332 | M10: 137.196
A11: 1011 | B11: 43468 | C11: =YEAR(tblDataTR[[#This Row],[Order Date]])&"-"&TEXT(tblDataTR[[#This Row],[Order Date]],"mm") -> 2019-01 | D11: ="Q"&ROUNDUP(MONTH(tblDataTR[[#This Row],[Order Date]])/3,0) -> Q1 | E11: 4 | F11: Cornell | G11: 1 | H11: Elwyn Ellul | I11: Soups | J11: 9.65 | K11: 91 | L11: 878.15 | M11: 92.2057
A12: 1031 | B12: 43499 | C12: =YEAR(tblDataTR[[#This Row],[Order Date]])&"-"&TEXT(tblDataTR[[#This Row],[Order Date]],"mm") -> 2019-02 | D12: ="Q"&ROUNDUP(MONTH(tblDataTR[[#This Row],[Order Date]])/3,0) -> Q1 | E12: 4 | F12: Cornell | G12: 1 | H12: Elwyn Ellul | I12: Condiments | J12: 10 | K12: 63 | L12: 630 | M12: 65.52
A13: 1100 | B13: 43588 | C13: =YEAR(tblDataTR[[#This Row],[Order Date]])&"-"&TEXT(tblDataTR[[#This Row],[Order Date]],"mm") -> 2019-05 | D13: ="Q"&ROUNDUP(MONTH(tblDataTR[[#This Row],[Order Date]])/3,0) -> Q2 | E13: 4 | F13: Cornell | G13: 1 | H13: Elwyn Ellul | I13: Soups | J13: 9.65 | K13: 43 | L13: 414.95 | M13: 42.3249
A14: 1070 | B14: 43527 | C14: =YEAR(tblDataTR[[#This Row],[Order Date]])&"-"&TEXT(tblDataTR[[#This Row],[Order Date]],"mm") -> 2019-03 | D14: ="Q"&ROUNDUP(MONTH(tblDataTR[[#This Row],[Order Date]])/3,0) -> Q1 | E14: 6 | F14: Tamu | G14: 1 | H14: Elwyn Ellul | I14: Condiments | J14: 10 | K14: 48 | L14: 480 | M14: 48
A15: 1087 | B15: 43558 | C15: =YEAR(tblDataTR[[#This Row],[Order Date]])&"-"&TEXT(tblDataTR[[#This Row],[Order Date]],"mm") -> 2019-04 | D15: ="Q"&ROUNDUP(MONTH(tblDataTR[[#This Row],[Order Date]])/3,0) -> Q2 | E15: 6 | F15: Tamu | G15: 1 | H15: Elwyn Ellul | I15: Soups | J15: 9.65 | K15: 95 | L15: 916.75 | M15: 91.675
A16: 1032 | B16: 43499 | C16: =YEAR(tblDataTR[[#This Row],[Order Date]])&"-"&TEXT(tblDataTR[[#This Row],[Order Date]],"mm") -> 2019-02 | D16: ="Q"&ROUNDUP(MONTH(tblDataTR[[#This Row],[Order Date]])/3,0) -> Q1 | E16: 7 | F16: Site Meter | G16: 1 | H16: Elwyn Ellul | I16: Sauces | J16: 40 | K16: 30 | L16: 1200 | M16: 120
... A305: 1395 | B305: 43808 | C305: =YEAR(tblDataTR[[#This Row],[Order Date]])&"-"&TEXT(tblDataTR[[#This Row],[Order Date]],"mm") -> 2019-12 | D305: ="Q"&ROUNDUP(MONTH(tblDataTR[[#This Row],[Order Date]])/3,0) -> Q4 | E305: 9 | F305: Merriam Webster | G305: 9 | H305: Lazar Clineck | I305: Dairy Products | J305: 34.8 | K305: 69 | L305: 2401.2 | M305: 240.12

Sheet Lists
A1: Customer Names | C1: Rep Names | E1: Customer Name Subtotal
A2: {=_xlfn._xlws.SORT(_xlfn.UNIQUE(tblSalesTR[Customer Name]))} -> Albertsons | C2: {=_xlfn._xlws.SORT(_xlfn.UNIQUE(tblDataTR[Rep Name]))} -> Bucky Simonetti | E2: {=_xlfn._xlws.SORT(_xlfn.UNIQUE(tblSalesSub[Customer Name]))} -> Costco
A3: Costco | C3: Cati Greneham | E3: Safeway
A4: Food 4 Less | C4: Elwyn Ellul | E4: Wal-Mart
A5: Foodsco | C5: Henderson Mc Carrick | E5: Whole Foods
A6: Mission Foods | C6: Josey Tonnesen
A7: Raley's | C7: Lazar Clineck
A8: Ralphs | C8: Lem Gonneau
A9: Safeway | C9: Linet MacLaig
A10: Save Mart | C10: Westley Langmuir
A11: Smart & Final
A12: Stater Bros
A13: Vallarta
A14: Vons
A15: Wal-Mart
A16: Whole Foods

Sheet MS Help Articles
A1: Dynamic Array Functions
A2: *Only available on Microsoft/Office 365.
A4: Function | B4: Help Article
A5: FILTER | B5: FILTER function
A6: RANDARRAY | B6: RANDARRAY function
A7: SEQUENCE | B7: SEQUENCE function
A8: SINGLE | B8: SINGLE function
A9: SORT | B9: SORT function
A10: SORTBY | B10: SORTBY function
A11: UNIQUE | B11: UNIQUE function
B13: Additional Help Articles
B14: Dynamic array formulas vs. legacy CSE array formulas
B15: Spilled array behavior
B16: Spilled range operator
B17: #SPILL! Errors in Excel
B18: #SPILL! Error - Spill range isn't blank
B19: #SPILL! Error - Indeterminate size
B20: #SPILL! Error - Extends beyond the worksheet's edge
B21: #SPILL! Error - Table formula
B22: #SPILL! Error - Out of memory
B23: #SPILL! Error - Spill into Merged Cell
B24: #SPILL! Error - Unrecognized/Fallback
